Workbook
Name MATRIZ: #REF!
Name MATRIZ1: #REF!
Name SegmentaciónDeDatos_Estructura: #N/A
Name SegmentaciónDeDatos_Grupo_de_trabajo: #N/A
Name SegmentaciónDeDatos_Parte_Interesada: #N/A
Name SegmentaciónDeDatos_Tipo_de_Parte_Interesada: #N/A

Sheet Principal
A1: #VALUE! | C1: MATRIZ DE PARTES INTERESADAS | O1: Código: MTZ-1-03-001
O2: Fecha de Edición: 1/Octubre/2024
O3: Versión: 12
E5: Dependencias | F5: # P. Interesadas
E6: Oficina Jurídica
E7: Oficina Jurídica | F7: 7
E8: Total general | F8: 7
E45: Dependencias | F45: Influencia/Poder | G45: Interés
E46: Despachos Judiciales | F46: 5 | G46: 5 | L46: =_xlfn.CONCAT(E46,", ",AVERAGE(M46,N46)) -> Despachos Judiciales, 5 | M46: =F46 -> 5 | N46: =G46 -> 5
E47: Entes de Control | F47: 4 | G47: 4 | L47: =_xlfn.CONCAT(E47,", ",AVERAGE(M47,N47)) -> Entes de Control, 4 | M47: =F47 -> 4 | N47: =G47 -> 4
E48: Entidades Privadas | F48: 1.5 | G48: 3 | L48: =_xlfn.CONCAT(E48,", ",AVERAGE(M48,N48)) -> Entidades Privadas, 2,25 | M48: =F48 -> 1.5 | N48: =G48 -> 3
E49: Entidades Publicas | F49: 4 | G49: 3 | L49: =_xlfn.CONCAT(E49,", ",AVERAGE(M49,N49)) -> Entidades Publicas, 3,5 | M49: =F49 -> 4 | N49: =G49 -> 3
E50: Personas Naturales | F50: 1 | G50: 4 | L50: =_xlfn.CONCAT(E50,", ",AVERAGE(M50,N50)) -> Personas Naturales, 2,5 | M50: =F50 -> 1 | N50: =G50 -> 4
L51: =_xlfn.CONCAT(E51,", ",AVERAGE(M51,N51)) -> , 0 | M51: =F51 -> 0 | N51: =G51 -> 0
L52: =_xlfn.CONCAT(E52,", ",AVERAGE(M52,N52)) -> , 0 | M52: =F52 -> 0 | N52: =G52 -> 0
L53: =_xlfn.CONCAT(E53,", ",AVERAGE(M53,N53)) -> , 0 | M53: =F53 -> 0 | N53: =G53 -> 0
L54: =_xlfn.CONCAT(E54,", ",AVERAGE(M54,N54)) -> , 0 | M54: =F54 -> 0 | N54: =G54 -> 0
L55: =_xlfn.CONCAT(E55,", ",AVERAGE(M55,N55)) -> , 0 | M55: =F55 -> 0 | N55: =G55 -> 0
L56: =_xlfn.CONCAT(E56,", ",AVERAGE(M56,N56)) -> , 0 | M56: =F56 -> 0 | N56: =G56 -> 0
L57: =_xlfn.CONCAT(E57,", ",AVERAGE(M57,N57)) -> , 0 | M57: =F57 -> 0 | N57: =G57 -> 0
L58: =_xlfn.CONCAT(E58,", ",AVERAGE(M58,N58)) -> , 0 | M58: =F58 -> 0 | N58: =G58 -> 0
L59: =_xlfn.CONCAT(E59,", ",AVERAGE(M59,N59)) -> , 0 | M59: =F59 -> 0 | N59: =G59 -> 0
L60: =_xlfn.CONCAT(E60,", ",AVERAGE(M60,N60)) -> , 0 | M60: =F60 -> 0 | N60: =G60 -> 0
L61: =_xlfn.CONCAT(E61,", ",AVERAGE(M61,N61)) -> , 0 | M61: =F61 -> 0 | N61: =G61 -> 0
L62: =_xlfn.CONCAT(E62,", ",AVERAGE(M62,N62)) -> , 0 | M62: =F62 -> 0 | N62: =G62 -> 0
... L110: =_xlfn.CONCAT(E110,", ",AVERAGE(M110,N110)) -> , 0 | M110: =F110 -> 0 | N110: =G110 -> 0

Sheet Caracterización de Partes Inter
A1: Parte Interesada | B1: Tipo de Parte Interesada | C1: Influencia/Poder | D1: Interés | E1: Criticidad
A2: Agencia Jurídica del Estado | B2: Externa | C2: 4 | D2: 4 | E2: 4
A3: Agentes de carga internacional | B3: Externa | C3: 1 | D3: 4 | E3: 2.5
A4: Archivo General de la Nación | B4: Externa | C4: 4.5 | D4: 4 | E4: 4.3
A5: Asociación Nacional de Empresarios de Colombia-ANDI | B5: Externa | C5: 3 | D5: 4 | E5: 3.5
A6: Asociaciones de recicladores | B6: Externa | C6: 1 | D6: 3 | E6: 2
A7: Autoridades Aeronáuticas | B7: Externa | C7: 5 | D7: 2 | E7: 3.5
A8: Banco de la Republica | B8: Externa | C8: 3 | D8: 3 | E8: 3
A9: Brampton Consulting ZFB | B9: Externa | C9: 3.5 | D9: 3 | E9: 3.3
A10: Cámara de Comercio de Bogotá | B10: Externa | C10: 3 | D10: 1 | E10: 2
A11: Cámara de Representantes | B11: Externa | C11: 2.5 | D11: 1 | E11: 1.8
A12: Ciudadanía (Pagina Web | Redes Sociales) | B12: Externa | C12: 1 | D12: 2 | E12: 1.5
A13: Clientes | B13: Externa | C13: 4 | D13: 4 | E13: 4
... A67: Presidencia | B67: Interna | C67: 5 | D67: 5 | E67: 5

Sheet Análisis de Partes Interesadas
A1: Dependencia | B1: Parte Interesada | C1: Influencia/Poder | D1: Interés | E1: Interacciones
A2: Oficina de Planeación | B2: Grupo Social y Empresarial de la Defensa | C2: 5 | D2: 4 | E2: 1
A3: Presidencia - Comunicaciones | B3: Grupo Social y Empresarial de la Defensa | C3: 5 | D3: 4 | E3: 1
A4: Presidencia - Comunicaciones | B4: Todas las áreas | E4: 1
A5: Oficina de Planeación | B5: Todas las áreas | E5: 7
A6: Oficina Jurídica | B6: Todas las áreas | E6: 1
A7: Oficina de Planeación - Grupo Gestión Proyectos e Innovación | B7: Todas las áreas | E7: 2
A8: Presidencia - Comunicaciones | B8: Ciudadanía (Pagina Web | Redes Sociales) | C8: 1 | D8: 2 | E8: 1
A9: Presidencia - Comunicaciones | B9: Medios de comunicación | C9: 1.5 | D9: 2 | E9: 1
A10: Oficina de Planeación - Grupo Gestión Proyectos e Innovación | B10: Asociación Nacional de Empresarios de Colombia-ANDI | C10: 3 | D10: 4 | E10: 1
A11: Oficina de Planeación | B11: Unidad de Información y Análisis Financiero UIAF | C11: 3 | D11: 3 | E11: 1
A12: Oficina de Planeación | B12: Junta Directiva | C12: 5 | D12: 5 | E12: 1
A13: Oficina de Planeación | B13: Procuraduría General de la Nación | C13: 3 | D13: 5 | E13: 1
A14: Oficina de Planeación | B14: Entes Certificadores | C14: 2.5 | D14: 1 | E14: 1
A15: Oficina de Planeación - Grupo Gestión Proyectos e Innovación | B15: Cámara de Comercio de Bogotá | C15: 3 | D15: 1 | E15: 1
A16: Oficina de Planeación | B16: Ministerio de Hacienda y Crédito Público | C16: 3 | D16: 4 | E16: 1
A17: Oficina de Planeación | B17: Departamento Nacional de Planeación - DNP | C17: 3 | D17: 3 | E17: 1
A18: Oficina de Planeación - Grupo Gestión Proyectos e Innovación | B18: Departamento Nacional de Planeación - DNP | C18: 3 | D18: 3 | E18: 1
A19: Oficina de Planeación | B19: Departamento Administrativo de la Función Pública - DAFP | C19: 3.25 | D19: 2 | E19: 1
A20: Revisar | B20: Oficina de Planeación - Grupo Gestión Proyectos e Innovación | E20: 1
A21: Oficina Jurídica | B21: Despachos Judiciales | C21: 5 | D21: 5 | E21: 1
A22: Revisar | B22: Presidencia | C22: 5 | D22: 5 | E22: 1
A23: Oficina de Planeación - Grupo Gestión Proyectos e Innovación | B23: Presidencia | C23: 5 | D23: 5 | E23: 1
A24: Revisar | B24: Vicepresidencia Operativa - Departamento de Entrenamiento | E24: 1
A25: Oficina de Planeación | B25: Vicepresidencia Operativa - Departamento de Entrenamiento | E25: 1
A26: Oficina de Planeación - Grupo Gestión Proyectos e Innovación | B26: Empresas Aeronáuticas del Sector | C26: 1 | D26: 3 | E26: 1
A27: Vicepresidencia Comercial | B27: Empresas Aeronáuticas del Sector | C27: 1 | D27: 3 | E27: 1
A28: Revisar | B28: Vicepresidencia Administrativa - Departamento de las TICS | E28: 2
A29: Oficina Jurídica | B29: Entes de Control | C29: 4 | D29: 4 | E29: 1
A30: Revisar | B30: Vicepresidencia Administrativa - Departamento Administrativo | E30: 1
A31: Revisar | B31: Vicepresidencia Administrativa - Gerencia Logística | E31: 1
A32: Oficina de Planeación | B32: Vicepresidencia Administrativa - Gerencia Logística | E32: 2
A33: Oficina Jurídica | B33: Entidades Privadas | C33: 1.5 | D33: 3 | E33: 1
A34: Revisar | B34: Oficina de Control Interno | E34: 1
A35: Oficina de Planeación - Grupo Gestión Proyectos e Innovación | B35: Oficina de Control Interno | E35: 1
A36: Oficina Jurídica | B36: Entidades Publicas | C36: 4 | D36: 3 | E36: 1
A37: Oficina Jurídica | B37: Personas Naturales | C37: 1 | D37: 4 | E37: 1
A38: Oficina de Planeación - Grupo Gestión Proyectos e Innovación | B38: Ministerio de Ciencia, Tecnología e Innovación | C38: 3.5 | D38: 2 | E38: 1
A39: Oficina Jurídica | B39: Vicepresidencia Administrativa | E39: 1
A40: Oficina de Planeación - Grupo Gestión Proyectos e Innovación | B40: Ministerio de Comercio, Industria y Turismo Secretaria Desarrollo Economico | C40: 2 | D40: 2 | E40: 1
A41: Oficina de Planeación - Grupo Gestión Proyectos e Innovación | B41: Universidades Centros de Formación Centros de Investigación | C41: 1 | D41: 4 | E41: 1
A42: Oficina de Planeación - Grupo Gestión Proyectos e Innovación | B42: Comité de proyectos | E42: 1
A43: Oficina de Planeación - Grupo Gestión Proyectos e Innovación | B43: Gerentes de Proyecto | E43: 1
A44: Oficina de Planeación | B44: Asamblea de Accionistas | C44: 5 | D44: 5 | E44: 1
A45: Oficina de Planeación | B45: Vicepresidencia Financiera | E45: 1
A46: Oficina de Planeación | B46: Revisoría Fiscal | C46: 3.5 | D46: 4 | E46: 1
A47: Oficina de Planeación | B47: Vicepresidencia Comercial | E47: 1
A48: Vicepresidencia Comercial | B48: Cliente Ejercito Nacional | E48: 1
A49: Vicepresidencia Comercial | B49: Cliente Armada Nacional | E49: 1
A50: Vicepresidencia Comercial | B50: Cliente Fuerza Aérea Colombiana | E50: 1
A51: Vicepresidencia Comercial | B51: Cliente Policía Nacional | E51: 1
A52: Vicepresidencia Comercial | B52: Cliente COTECMAR | E52: 1
A53: Vicepresidencia Comercial | B53: Cliente Avianca | E53: 1
A54: Vicepresidencia Comercial | B54: Cliente JeSmart | E54: 1
A55: Vicepresidencia Comercial | B55: Cliente IGAC | E55: 1
A56: Vicepresidencia Comercial | B56: Cliente IEA (Interejecutiva de Aviación) | E56: 1
A57: Vicepresidencia Comercial | B57: Cliente SMX / INL / PAE-AMENTUM | E57: 1
A58: Vicepresidencia Comercial | B58: Cliente Airbus | E58: 1
A59: Vicepresidencia Comercial | B59: Clientes Canal Civil | E59: 1
A60: Vicepresidencia Comercial | B60: Grupo Social y Empresarial de la Defensa | C60: 5 | D60: 4 | E60: 1
A61: Vicepresidencia Comercial | B61: Vicepresidencia Operativa - Gerencia de Mantenimiento | E61: 1
A62: Vicepresidencia Comercial | B62: Vicepresidencia Operativa - Gerencia de Producción | E62: 1
A63: Vicepresidencia Comercial | B63: Vicepresidencia Financiera | E63: 1
A64: Vicepresidencia Comercial | B64: Vicepresidencia Administrativa - Gerencia Logística | E64: 1
A65: Vicepresidencia Comercial | B65: Presidencia | C65: 5 | D65: 5 | E65: 1
A66: Vicepresidencia Comercial | B66: Vicepresidencia Operativa - Oficina de Control Calidad | E66: 1
A67: Vicepresidencia Comercial | B67: Vicepresidencia Operativa - Departamento de Aseguramiento de la Calidad y Seguridad Operacional | E67: 1
A68: Vicepresidencia Comercial | B68: Vicepresidencia Administrativa - Departamento de Talento Humano | E68: 1
A69: Vicepresidencia Comercial | B69: Vicepresidencia Administrativa - Departamento de las TICS | E69: 1
A70: Vicepresidencia Comercial | B70: Oficina de Planeación - Oficial de cumplimiento | E70: 1
A71: Vicepresidencia Comercial | B71: Oficina de Planeación | E71: 1
A72: Vicepresidencia Comercial | B72: Oficina Jurídica | E72: 1
A73: Vicepresidencia Administrativa - Gerencia Logística - Grupo de Comercio Exterior | B73: Dirección de Impuestos y Aduanas Nacionales -DIAN | C73: 4 | D73: 4 | E73: 1
A74: Vicepresidencia Administrativa - Gerencia Logística - Grupo de Comercio Exterior | B74: Ministerio de Comercio Industria y Turismo | C74: 4.5 | D74: 3 | E74: 1
A75: Vicepresidencia Administrativa - Gerencia Logística - Grupo de Comercio Exterior | B75: Zona Franca de Bogotá - ZFB | C75: 3 | D75: 5 | E75: 1
A76: Vicepresidencia Administrativa - Gerencia Logística - Grupo de Comercio Exterior | B76: Policía Nacional - Dirección de Antinarcóticos | C76: 3.5 | D76: 4 | E76: 1
A77: Vicepresidencia Administrativa - Gerencia Logística - Grupo de Comercio Exterior | B77: Brampton Consulting ZFB | C77: 3.5 | D77: 3 | E77: 1
A78: Vicepresidencia Administrativa - Gerencia Logística - Grupo de Comercio Exterior | B78: Agentes de carga internacional | C78: 1 | D78: 4 | E78: 1
A79: Vicepresidencia Administrativa - Gerencia Logística - Grupo de Comercio Exterior | B79: Departamento Administrativo Nacional de Estadística - DANE | C79: 3.5 | D79: 2 | E79: 1
A80: Vicepresidencia Administrativa - Gerencia Logística - Grupo de Comercio Exterior | B80: Todas las áreas | E80: 1
A81: Vicepresidencia Administrativa - Gerencia Logística - Grupo de Comercio Exterior | B81: Vicepresidencia Operativa - Departamento de Abastecimiento | E81: 1
A82: Vicepresidencia Administrativa - Gerencia Logística - Grupo de Comercio Exterior | B82: Vicepresidencia Administrativa - Departamento Administrativo - Seguridad Física | E82: 1
A83: Vicepresidencia Administrativa - Departamento de las TICS | B83: Ministerio de Tecnologías de Información y Comunicaciones | C83: 3 | D83: 2 | E83: 1
A84: Vicepresidencia Administrativa - Departamento de las TICS | B84: Ministerio de Defensa Nacional | C84: 4 | D84: 4 | E84: 1
A85: Vicepresidencia Administrativa - Departamento de las TICS | B85: Grupo Social y Empresarial de la Defensa | C85: 5 | D85: 4 | E85: 1
A86: Vicepresidencia Administrativa - Departamento de las TICS | B86: Revisoría Fiscal | C86: 3.5 | D86: 4 | E86: 1
A87: Vicepresidencia Administrativa - Departamento de las TICS | B87: Proveedores / Aliados | C87: 4 | D87: 4 | E87: 1
A88: Vicepresidencia Administrativa - Departamento de las TICS | B88: Todas las áreas | E88: 3
A89: Vicepresidencia Administrativa - Departamento de las TICS | B89: Oficina de Control Interno | E89: 1
A90: Vicepresidencia Administrativa - Departamento administrativo - Gestión Ambiental | B90: Secretaría Distrital de Ambiente | C90: 4.5 | D90: 2 | E90: 1
A91: Vicepresidencia Administrativa - Departamento administrativo - Gestión Ambiental | B91: Clientes | C91: 4 | D91: 4 | E91: 1
A92: Vicepresidencia Administrativa - Departamento administrativo - Gestión Ambiental | B92: Secretaría Distrital de Salud | C92: 4.5 | D92: 4 | E92: 1
A93: Vicepresidencia Administrativa - Departamento administrativo - Gestión Ambiental | B93: Ministerio de Medio Ambiente y Desarrollo | C93: 4.5 | D93: 2 | E93: 1
A94: Vicepresidencia Administrativa - Departamento administrativo - Gestión Ambiental | B94: Proveedores / Aliados | C94: 4 | D94: 4 | E94: 1
A95: Vicepresidencia Administrativa - Departamento administrativo - Gestión Ambiental | B95: Comunidad vecina | C95: 1 | D95: 2 | E95: 1
A96: Vicepresidencia Administrativa - Departamento administrativo - Gestión Ambiental | B96: Grupo Social y Empresarial de la Defensa | C96: 5 | D96: 4 | E96: 1
A97: Vicepresidencia Administrativa - Departamento administrativo - Gestión Ambiental | B97: Instituto de Hidrología, Meteorología y Estudios Ambientales - IDEAM | C97: 3 | D97: 1 | E97: 1
A98: Vicepresidencia Administrativa - Departamento administrativo - Gestión Ambiental | B98: Unidad Administrativa Especial de Aeronáutica Civil | C98: 5 | D98: 2 | E98: 1
A99: Vicepresidencia Administrativa - Departamento administrativo - Gestión Ambiental | B99: Empresas apadrinadas | E99: 1
A100: Vicepresidencia Administrativa - Departamento administrativo - Gestión Ambiental | B100: Asociaciones de recicladores | C100: 1 | D100: 3 | E100: 1
...

Sheet Grupos de Trabajo
A1: Dependencia | B1: Estructura | C1: Grupo de trabajo
A2: Oficina de Planeación | B2: Oficina de Planeación | C2: Oficina de Planeación
A3: Presidencia - Comunicaciones | B3: Presidencia | C3: Comunicaciones
A4: Revisar | B4: Revisar | C4: Revisar
A5: Oficina de Planeación - Grupo Gestión Proyectos e Innovación | B5: Oficina de Planeación | C5: Grupo Gestión Proyectos e Innovación
A6: Oficina Jurídica | B6: Oficina Jurídica | C6: Oficina Jurídica
A7: Vicepresidencia Comercial | B7: Vicepresidencia Comercial | C7: Vicepresidencia Comercial
A8: Vicepresidencia Administrativa - Gerencia Logística - Grupo de Comercio Exterior | B8: Vicepresidencia Administrativa | C8: Gerencia Logística - Grupo de Comercio Exterior
A9: Vicepresidencia Administrativa - Departamento de las TICS | B9: Vicepresidencia Administrativa | C9: Departamento de las TICS
A10: Vicepresidencia Administrativa - Departamento administrativo - Gestión Ambiental | B10: Vicepresidencia Administrativa | C10: Departamento administrativo - Gestión Ambiental
A11: Vicepresidencia Financiera - Presupuesto | B11: Vicepresidencia Financiera | C11: Presupuesto
A12: Vicepresidencia Financiera - Grupo de Tesorería | B12: Vicepresidencia Financiera | C12: Grupo de Tesorería
... A27: Vicepresidencia Operativa - Grupo CECSA | B27: Vicepresidencia Operativa | C27: Grupo CECSA

Sheet Matriz de Partes Interesadas
A1: Parte Interesada | B1: Dependencia | C1: Proceso | D1: Tipo de Parte Interesada | E1: Necesidades | F1: Expectativa | G1: Acciones para abordar la necesidad | H1: Información Documentada de Evidencia
A2: Grupo Social y Empresarial de la Defensa | B2: Oficina de Planeación | C2: Direccionamiento Estratégico | D2: Externa | E2: Cumplimiento oportuno y con calidad a los informes de resultados y los trámites ante los entes de control y entidades a las que se les debe reportar información. * Estricto cumplimiento a las políticas administrativas establecidas. | F2: Información veraz que permita la toma de decisiones. Lineamientos con las políticas administrativas que permitan el logro de las metas sectoriales. | G2: Generación de informes con base en los lineamientos establecidos Elaboración del Plan Estratégico Institucional con base en la Estrategía Sectorial Planificación Estratégica * Instructivo de avance MIPG sectorial (trimestralmente) *Ficha de avance indicadores PES (trimestral) * Tablero megas *Memorias al congreso *Reporte anual entidades | H2: Informes GSED Plan Estratégico Institucional Plan de Acción Anual
A3: Todas las áreas | B3: Presidencia - Comunicaciones | C3: Direccionamiento Estratégico | D3: Interna | E3: Estar informados sobre lo que sucedce en la Corporación | F3: Recibir información de la Corporación de forma clara y oportuna | G3: Generación de contenido y distribución por los diferentes canales con los que cuenta la Corporación | H3: Boletines Internos Fondos de pantalla Correos electrónicos Contenido en televisores Charlas generales Grupos primarios
A4: Ciudadanía (Pagina Web | Redes Sociales) | B4: Presidencia - Comunicaciones | C4: Direccionamiento Estratégico | D4: Externa | E4: Dar a conocer hechos relevantes de la Corporación a la ciudadanía en general | F4: Encontrar información de calidad y veraz | G4: Publicaciones en redes y sociales y página web | H4: Publicaciones en redes y sociales y página web
A5: Medios de comunicación | B5: Presidencia - Comunicaciones | C5: Direccionamiento Estratégico | D5: Externa | E5: Dar a conocer hechos relevantes de la Corporación a la ciudadanía en general de acuerdo a las necesidades de los medios | F5: Recibir información de la Corporación de forma clara y oportuna | G5: Generación de comunicados de prensa en acompañamiento de la oficina jurídica. | H5: Comunicados de prensa aprobados por la presidencia
A6: Grupo Social y Empresarial de la Defensa | B6: Presidencia - Comunicaciones | C6: Direccionamiento Estratégico | D6: Externa | E6: Posicionamiento de las empresas del GSED a través de las capacidades ofertadas por cada entidad | G6: Actualización de información que genere noticia Desarrollo de eventos en conjunto Portafolio de servicios Estrategias de comunicación conjuntas | H6: Fotos y videos del evento Tweets y notas en página web y otros medios Acciones derivadas de la estrategia Boletín GSED
A7: Unidad de Información y Análisis Financiero UIAF | B7: Oficina de Planeación | C7: Direccionamiento Estratégico | D7: Externa | E7: Informar oportunamente las operaciones sospechosas | G7: Generación de informes para reportar las operaciones sospechosas y Reportes de efectivo | H7: 1. Reporte de operaciones sospechosas - ROS 2. Ausencia de reporte de operaciones sospechosas - AROS 3. Reporte de efectivo
A8: Junta Directiva | B8: Oficina de Planeación | C8: Direccionamiento Estratégico | D8: Interna | E8: Recibir información suficiente, clara y oportuna para la toma de decisiones sobre la Corporación | F8: Conocer el estado de la empresa y dar lineamientos sobre su administración | G8: 1. Elaboración de la presentación para las sesiones de Junta Directiva 2. Formulación de la planeación estratégica de la Corporación 3. Análisis de las necesidades, situación y proyección de la Corporación para la elaboración del proyecto de Presupuesto y la Propuesta de Distribución de utilidades para cada vigencia 4. Preparación del Informe de Gestión Anual que refleje los resultados de la gestión en cada vigencia 5. Presentar el seguimiento al cumplimiento del Plan estratégico Cuatrienal y a la ejecución de los Proyectos de inversión. 6. Informe de gestión Oficial de Cumplimiento | H8: 1. Presentaciones de Junta Directiva 2. Plan Estratégico Institucional, Plan Estratégico Cuatrienal y Plan de Acción Anual 3. Proyecto de Presupuesto y Propuesta de Distribución de utilidades de cada vigencia 4. Informe de Gestión Anual 5. Seguimiento al Plan Estratégico Cuatrienal y a la ejecución de los Proyectos de Inversión. 6. Informe de gestión trimestral Oficial de Cumplimiento SARLAFT
A9: Procuraduría General de la Nación | B9: Oficina de Planeación | C9: Direccionamiento Estratégico | D9: Externa | E9: Cumplimiento de conformidad con el Sistema de Información para el Registro, Seguimiento, Monitoreo y Generación del Índice de Cumplimiento (ITA- Índice de Transparencia y Acceso a la Información) de los Sujetos Obligados en la Ley 1712 de 2014 de la Procuraduría General de la Nación | G9: Monitoreo y seguimiento a la actualización de la página web Revisión de la completitud y oportunidad del cargue de los documentos de la página | H9: Instructivo Administración de la página web CIAC
A10: Entes Certificadores | B10: Oficina de Planeación | C10: Direccionamiento Estratégico | D10: Externa | E10: Suministro de información previa y seguimiento a las auditorías en terminos de calidad y oportunidad, cumplimiendo con los requisitos normativos | F10: Mejoramiento continuo del sistema | G10: Comunicación y seguimiento continuo para la coordinación de las auditorías incluyendos pagos, entrega de información previa. Consolidación de los planes de acción garantizando la calidad y oportunidad de los compromisos formulados | H10: Correos de seguimiento de actividades de mejoramiento. Cargue de planes de acción en las plataformas establecidas para cada caso.
A11: Ministerio de Hacienda y Crédito Público | B11: Oficina de Planeación | C11: Direccionamiento Estratégico | D11: Externa | E11: Conocer el presupuesto y modificaciones al mismo para realizar seguimiento | G11: Cargue del presupuesto aprobado en el aplicativo EICE y envío de los acuerdos que modifican el presupuesto. Envío de la propuesta de distribución de las utilidades de la vigencia anterior | H11: Presupuesto aprobado y sus modificaciones aprobadas por la Junta Directiva Propuesta distribución utilidades
A12: Departamento Nacional de Planeación - DNP | B12: Oficina de Planeación | C12: Direccionamiento Estratégico | D12: Externa | E12: Conocer el presupuesto de inversión y sus modificaciones para realizar seguimiento | G12: Envío de la propuesta de distribución de las utilidades de la vigencia anterior | H12: Propuesta distribución utilidades
A13: Departamento Administrativo de la Función Pública - DAFP | B13: Oficina de Planeación | C13: Direccionamiento Estratégico | D13: Externa | E13: Dar cumplimiento a las políticas administrativas establecidas. Planificar, mantener y mejorar el Modelo Integrado de Planeación y Gestión Cumplimiento de la Ley 1474 del 2011 y decreto 612 del 2018 | F13: Información veraz que permita la toma de decisiones. Presentar información de interés y alto impacto a la ciudadania en el ejercicio de rendición de cuentas | G13: Cumplimiento de los plazos para la realización de actividades de rendición de cuentas * Consolidación y reporte del FURAG * Seguimiento y monitoreo a la gestión (comité institucional de gestión y desempeño - trimestral) * Generación de planes de acción para abordar el cierre de brechas del FURAG * Publicación de los planes establecidos en el decreto 612 del 2018 | H13: Rendición de Cuentas para cada vigencia Presentación reporte FURAG Plan MIPG para cada vigencia Planes publicados en la página web
A14: Todas las áreas | B14: Oficina de Planeación | C14: Direccionamiento Estratégico | D14: Interna | E14: Revisión y aprobación de la documentación de los procesos, asegurando su integridad, disponibilidad, confidencialidad y el uso de documentación vigente; dando así cumplimiento a los sistemas de gestión implementados en la Corporación | F14: Surtir el proceso de control documental en el menor tiempo posible | G14: Revisión y aprobación de los documentos de los procesos usando sistema de gestión documental, teniendo en cuenta los requisitos de las normas que sirven como base de los diferentes sistemas de gestión. | H14: Procedimiento control de documentos y registros del SIGCA CIAC
A15: Oficina de Planeación - Grupo Gestión Proyectos e Innovación | B15: Revisar | C15: Direccionamiento Estratégico | D15: Interna | E15: Formulación de las necesidades de recursos para proyectos de inversión | G15: Envío de necesidades de recursos para los proyectos de inversión según lo definido por el Grupo de Gestión de Proyectos e Innovación | H15: Anexo Proyecto de Inversión
A16: Todas las áreas | B16: Oficina de Planeación | C16: Direccionamiento Estratégico | D16: Interna | E16: Apoyo en el diseño, reestructuración de procesos, y modificación de procedimientos | G16: Mesas de trabajo con los procesos Implementación de ingeniería de métodos y modelamiento de procesos en el BPM. | H16: Correos electrónicos con los procesos Procedimientos y flujogramas Procedimientos modelados BPM
A17: Todas las áreas | B17: Oficina de Planeación | C17: Direccionamiento Estratégico | D17: Interna | E17: Apoyo en la definición e implementación de actividades que aseguren el cumplimiento de los diferentes estándares de gestión según las normas que rigen los procesos de la corporación | F17: Directrices y lineamientos claros para la correcta ejecución de acciones que impacten positivamente los resultados en términos de cumplimiento de los estándares de gestión | G17: Acompañamiento contínuo a los procesos que sirven como apoyo a la gestión de cada uno de ellos en el marco de los estándares de gestión y la mejora continua Preparación y puesta en marcha de las auditorías internas y externas de gestión del SIGCA Seguimiento a planes de mejoramiento enfocados a subsanar los hallazgos de auditorías y oportunidades de mejora | H17: Mesas de trabajo con los procesos Sofware de gestión documental Emisión de conceptos de las auditorías externas realizadas por el profesional de control y seguridad - SARLAFT
A18: Todas las áreas | B18: Oficina de Planeación | C18: Direccionamiento Estratégico | D18: Interna | E18: Seguimiento, consolidación, presentación y apoyo en la definición de indicadores de gestión que soporten el cumplimiento de tareas, metas y objetivos estratégicos para la adecuada toma de decisiones. | F18: Presentación clara y que permita la toma de decisiones al nivel directivo. | G18: Consolidación, alimentación y presentación de los indicadores de gestión Apoyo en la definición e implementación de nuevos indicadores Seguimiento a los resultados de los indicadores y apertura de planes de mejoramiento cuando las métricas se encuentren por debajo de las óptimas | H18: Presentación de Indicadores usando Power BI Actas de reunión para los espacios de monitoreo definidos Planes de mejoramiento
A19: Todas las áreas | B19: Oficina de Planeación | C19: Direccionamiento Estratégico | D19: Interna | E19: Apoyo en la definición e implementación de actividades que aseguren el cumplimiento de los objetivos estratégicos definidos por la corporación para alcanzar el cumplimiento de la misión y la visión institucional | F19: Creación de espacios de asesoría y clarificación de inquietudes que permitan construir actividades dirigidas al cumplimiento de los objetivos estratégicos | G19: Agendar reuniones con los representantes de los procesos que sirvan para delinear las tareas que contribuyan alo logro de las metas, objetivos y líneas de acción estratégicas | H19: Actas, registro asistencia y/o grabaciones de las reuniones con los procesos
A20: Todas las áreas | B20: Oficina de Planeación | C20: Direccionamiento Estratégico | D20: Interna | E20: Apoyo en el análisis del entorno de la corporación con base en las debilidades, oportunidades y fortalezas para la definición de líneas estratégicas | F20: Alineación con la estrategia definida por el gobierno nacional y los objetivos trazados por la Junta Directiva y la Alta Dirección | G20: Consolidación de las debilidades, fortalezas, oportunidades y amenazas de los procesos y el entorno para obtener líneas de acción estratégicas | H20: Matriz DOFA y FODA
A21: Todas las áreas | B21: Oficina de Planeación | C21: Direccionamiento Estratégico | D21: Interna | E21: Trámites presupuestales (traslados, vigencias futuras, adición de ingresos y gastos) | G21: Tramitar ante la Junta Directiva los requerimientos presupuestales necesarios para el funcionamiento y cumplimiento de las obligaciones contractuales de la corporación | H21: Acuerdos (vigencia futura, traslado presupuestal) Resoluciones de desagregación de ingresos y gastos
A22: Presidencia | B22: Revisar | C22: Direccionamiento Estratégico | D22: Interna | E22: Apoyo en la elaboración de presentaciones que requieran entes externos | G22: Elaboración de presentaciones para posterior visto bueno de la presidencia | H22: Presentaciones ante entes externos
A23: Vicepresidencia Operativa - Departamento de Entrenamiento | B23: Revisar | C23: Direccionamiento Estratégico | D23: Interna | E23: Formulación de las necesidades de capacitación y personal para alcanzar la meta de tener un personal calificado y competente | F23: Presentación de necesidades claras, objetivas y coherentes | G23: Envío de necesidades en términos de capacitación según lo definido por el CECSA | H23: Formato Diligenciado de necesidades de capacitación Formatos diligenciados de requerimiento de personal
A24: Vicepresidencia Operativa - Departamento de Entrenamiento | B24: Oficina de Planeación | C24: Direccionamiento Estratégico | D24: Interna | E24: Programación de actividades de capacitación en relación con temas de catalogacióin, SGCS-SARLAFT y OEA | G24: Envío del cronograma de capacitaciones, listados de asistencia y certificados de capacitación | H24: Cronograma de capacitaciones Certificados de capacitación, cuando aplique expedición Listados de asistencia
A25: Vicepresidencia Administrativa - Departamento de las TICS | B25: Revisar | C25: Direccionamiento Estratégico | D25: Interna | E25: Formulación de las necesidades de recursos tecnológicos para el desarrollo de las actividades en condiciones óptimas | F25: Presentación de necesidades claras, objetivas y coherentes | G25: Envío de necesidades en términos de capacitación según lo definido por el Grupo de Gestión TICS | H25: Formato Necesidades Plan de Compras Vigencia Siguiente
A26: Vicepresidencia Administrativa - Departamento de las TICS | B26: Revisar | C26: Direccionamiento Estratégico | D26: Interna | E26: Cumplimiento de las políticas establecidas para asegurar la seguridad de la información | F26: Informar sobre el posible incumplimiento de estas políticas y promover entre todos los funcionarios la cultura de seguridad de la información | G26: Uso exclusivo de los recursos tecnológicos de la información para las labores propias de las funciones u objetos contractuales Activar la conexión VPN a través de dispositivos de plena confianza Asistencia a charlas de ciberseguridad al ingreso a la Corporación y demás capacitaciones relacionadas con la seguridad de la información No compartir cuentas de usuario y contraseñas con otros colaboradores o terceras partes Realización periódica de copias de resplado de la información que se tiene a cargo Bloqueo de los equipos de cómputo cada vez que se deba dejar el puesto de trabajo Retirar un equipo o medio de almacenamiento únicamente con la autorización de GTICS No abrir ningún correo electrónico bajo la sospecha de que se trata de un correo malicioso e informar a GTICS | H26: Asistencia a charlas de seguridad Cuentas y contraseñas individuales Copias de Respaldo en los sitios dispuestos para tal fin
A27: Vicepresidencia Administrativa - Departamento Administrativo | B27: Revisar | C27: Direccionamiento Estratégico | D27: Interna | E27: Formulación de las necesidades de recursos para el funcionamiento y normal desarrollo de las actividades del proceso | F27: Presentación de necesidades claras, objetivas y coherentes | G27: Envío de necesidades de recursos para el funcionamiento | H27: Formato Necesidades Plan de Compras Vigencia Siguiente
A28: Vicepresidencia Administrativa - Gerencia Logística | B28: Revisar | C28: Direccionamiento Estratégico | D28: Interna | E28: Solicitud de contratación de servicios | F28: Solicitud clara, cumpliendo con todos los requisitos definidos para la contratación de servicios | G28: Elaboración y envío de las necesidades de adquisiciones y/o servicios | H28: ECO registrado en Datadoc
A29: Oficina de Control Interno | B29: Revisar | C29: Direccionamiento Estratégico | D29: Interna | E29: Implementación y ejecución de los planes de mejoramiento de acuerdo a la evaluación FURAG -MIPG y programa de transparencia y ética pública | G29: Reportar el avance de las actividades de mejoramiento FURAG- MIPG y programa de transparencia y ética pública formato excel implementado por OCINT | H29: Archivo digital
A30: Oficina de Control Interno | B30: Oficina de Planeación - Grupo Gestión Proyectos e Innovación | C30: Direccionamiento Estratégico | D30: Interna | E30: Elaboración del programa de transparencia y ética pública y anexos de las estrategias del programa con base en la ley de transparencia y acceso a la información pública | G30: Definición de las actividades del programa de transparencia y ética pública (anual) | H30: Programa de transparencia y ética pública publicado en la página
A31: Entidades Publicas | B31: Oficina Jurídica | C31: Direccionamiento Estratégico | D31: Externa | E31: Respuesta de los derechos de petición o solicitudes de información a tiempo. | F31: Respuesta de manera puntual a las inquietudes, es decir, que se responda de fondo y de manera oportuna | G31: De conformidad con el procedimiento de PQRS, la oficina jurídica verifica los fundamentos legales para las respuestas y establece vistos buenos para las mismas | H31: Respuestas dadas a las peticiones presentadas, las cuales deben observar los lineamientos en materia de PQRS dados al interior de la Corporación
A32: Despachos Judiciales | B32: Oficina Jurídica | C32: Direccionamiento Estratégico | D32: Externa | E32: Respuesta a tiempo de las demandas, tutelas y demás requerimientos judiciales. | F32: Argumentación con fundamentos jurídicos que aporten a la discusión y solución en derecho de la controversia estudiada | G32: Realizar los analisis Jurídicos y proyección de documentos que se deben radicar ante el Despacho Judicial, de conformidad con el procedimiento de análisis y elaboración de documentos Jurídicos | H32: Las contestaciones dadas a las demandas y a las acciones de tutelas presentadas en contra de la Corporación, al igual que las respuestas dadas a los requerimientos efectuandas por los difrentes despachos de la Rama Judicial
A33: Entidades Privadas | B33: Oficina Jurídica | C33: Direccionamiento Estratégico | D33: Externa | E33: Respuesta de los derechos de petición o solicitudes de información a tiempo. | F33: Respuesta de manera puntual de las inquietudes, es decir, que se responda de fondo | G33: De conformidad con el procedimiento de PQRS, la oficina jurídica verifica los fundamentos legales para las respuestas y establece vistos buenos para las mismas | H33: Respuestas dadas a las peticiones presentadas, las cuales deben observar los lineamientos en materia de PQRS dados al interior de la Corporación
A34: Personas Naturales | B34: Oficina Jurídica | C34: Direccionamiento Estratégico | D34: Externa | E34: Respuesta de los derechos de petición o solicitudes de información a tiempo. | F34: Respuesta de manera puntual de las inquietudes, es decir, que se responda de fondo | G34: De conformidad con el procedimiento de PQRS, la oficina jurídica verifica los fundamentos legales para las respuestas y establece vistos buenos para las mismas | H34: Respuestas dadas a las peticiones presentadas, las cuales deben observar los lineamientos en materia de PQRS dados al interior de la Corporación
A35: Entes de Control | B35: Oficina Jurídica | C35: Direccionamiento Estratégico | D35: Externa | E35: 1.Respuesta a tiempo de los derechos de petición o solicitudes de información 2.Atención a las auditorías que practique el Ente de Control. | F35: 1.Respuesta de manera puntual de las inquietudes, es decir, que se responda de fondo 2.atención a los requerimientos que se efectúan en virtud de una auditoría | G35: 1.De conformidad con el procedimiento de PQRS, la oficina jurídica realiza el control de tiempos para las respuestas y establece vistos buenos para las mismas 2.Planes de mejoramiento o las acciones correctivas a los hallazgos informados por el Ente de Control | H35: 1. Respuestas dadas a las peticiones presentadas, las cuales deben observar los lineamientos en materia de PQRS dados al interior de la Corporación. 2. Actividades producto de los planes de mejoramiento.
A36: Vicepresidencia Administrativa | B36: Oficina Jurídica | C36: Direccionamiento Estratégico | D36: Interna | E36: Asesoría para lograr una correcta proyección de las respuesta dadas en virtud de las PQRS. | F36: Que las respuestas se den de manera puntual a las inquietudes, es decir, que se responda de fondo | G36: De conformidad con el procedimiento de PQRS, la oficina jurídica verifica los fundamentos legales para las respuestas y establece vistos buenos para las mismas | H36: Respuestas dadas a las peticiones presentadas, las cuales deben observar los lineamientos en materia de PQRS dados al interior de la Corporación
A37: Todas las áreas | B37: Oficina Jurídica | C37: Direccionamiento Estratégico | D37: Interna | E37: Asesorar en los asuntos legales que soliciten las áreas, generando respuestas bajo la normatividad legal vigente actual | F37: Contar con una asesoría legal adecuada y oportuna | G37: De conformidad con el procedimiento de análisis y elaboración de documentos jurídicos, realizar las actividades jurídicas necesarias | H37: Elaboración de documento, constancia de correos electronicos y/o revision de Documentos
A38: Departamento Nacional de Planeación - DNP | B38: Oficina de Planeación - Grupo Gestión Proyectos e Innovación | C38: Direccionamiento Estratégico | D38: Externa | E38: Conocer el presupuesto de inversión y sus modificaciones para realizar seguimiento | F38: Ejecución eficiente de los proyectos | G38: Envío de reportes mensuales SPI Envío soportes de presupuesto de inversión | H38: 1. Ejecución presupuestal y personal a cargo de proyectos en plataforma SPI
A39: Ministerio de Ciencia, Tecnología e Innovación | B39: Oficina de Planeación - Grupo Gestión Proyectos e Innovación | C39: Direccionamiento Estratégico | D39: Externa | E39: Impulsar la investigación e innovación | F39: Ejecución de convocatorias | G39: Seguimiento y aplicación a convocatorias | H39: Postulación de convocatorias
A40: Asociación Nacional de Empresarios de Colombia-ANDI | B40: Oficina de Planeación - Grupo Gestión Proyectos e Innovación | C40: Direccionamiento Estratégico | D40: Externa | E40: Impulsar la industria colombiana | F40: 1. Participación en las actividades. 2. Desarrollar apacidades para el fortalecimiento del sector industrial. | G40: 1. Participación en comités especializados. | H40: Citaciones y/o invitaciones a las reuniones
A41: Cámara de Comercio de Bogotá | B41: Oficina de Planeación - Grupo Gestión Proyectos e Innovación | C41: Direccionamiento Estratégico | D41: Externa | E41: Impulso empresarial | F41: 1. Participación en eventos convocados. 2. Desarrollo de capacidades para el fortalecimiento de la innovación y el desarrollo empresarial | G41: Seguimiento y participación en las actividades programadas | H41: Postulación a convocatorias
A42: Universidades Centros de Formación Centros de Investigación | B42: Oficina de Planeación - Grupo Gestión Proyectos e Innovación | C42: Direccionamiento Estratégico | D42: Externa | E42: Impulso empresarial y académico Formación para el trabajo Prácticas profesionales | F42: Participación en las actividades para el desarrollo de capacidades, el desarrollo empresarial y desarrollo de proyectos. | G42: 1. Participación en las actividades. 2. Participación en proyectos, de acuerdo a necesidades y requerimientos de CIAC. 3. Uso de recursos de laboratorio por contrato. | H42: 1. Documentos de proyectos. 2. Firma de convenios o acuerdos.
... A45: Todas las áreas | B45: Oficina de Planeación - Grupo Gestión Proyectos e Innovación | C45: Direccionamiento Estratégico | D45: Interna | E45: Apoyo en las diferentes etapas de los proyectos para su respectiva sustentación. | F45: Lineamientos y directrices claros que les permitan tener herramientas y argumentos sólidos a la hora de estructurar y presentar una iniciativa o proyecto | G45: Apoyo en la costrucción del Perfil de iniciativas y Anteproyecto | H45: Anteproyecto Actas Comité proyectos
A46: Todas las áreas | B46: Oficina de Planeación - Grupo Gestión Proyectos e Innovación | C46: Direccionamiento Estratégico | D46: Interna | E46: Garantizar el seguimiento proyectos | G46: Compilar información para la elaboración de inforrme de monitoreo de los proyectos
A47: Comité de proyectos | B47: Oficina de Planeación - Grupo Gestión Proyectos e Innovación | C47: Direccionamiento Estratégico | D47: Interna | E47: Desarrollo de proyectos que le apunten al cumplimiento de la misión y visión de la CIAC | F47: Apoyar la materialización de los proyectos, el alcance de las tareas, metas y objetivos estatégicos definidos por la Corporación | G47: Presentación de iniciativas y seguimiento al comité proyectos | H47: Acta comité proyectos
A48: Presidencia | B48: Oficina de Planeación - Grupo Gestión Proyectos e Innovación | C48: Direccionamiento Estratégico | D48: Interna | E48: Liderar el comité de proyectos y la presentación de iniciativas | F48: Iniciativas de proyectos que cuenten con la suficiente información técnica y financiera que permitan tomar una decisión en cuanto a la aprobación de las mismas | G48: Presentación iniciativas y seguimiento comité proyectos | H48: Acta comité proyectos
A49: Gerentes de Proyecto | B49: Oficina de Planeación - Grupo Gestión Proyectos e Innovación | C49: Direccionamiento Estratégico | D49: Interna | E49: Apoyo en la gestión y desarrollo de proyectos | F49: Lineamientos y directrices claros que les permitan gestionar eficaz y eficientemente el desarrollo de los procesos | G49: Actualización de la metodología de proyectos, creación de los formatos necesarios para la elaboración de los planes por proyecto, seguimiento de los mismos y cierre. | H49: Formatos de Plan de Dirección, informe de monitoreo de proyectos e informe de cierre proyectos
A50: Asamblea de Accionistas | B50: Oficina de Planeación | C50: Direccionamiento Estratégico | D50: Interna | E50: Recibir información suficiente, clara y oportuna para la toma de decisiones sobre la Corporación | F50: Conocer el estado de la empresa y dar lineamientos sobre su administración | G50: 1. Elaboración de la presentación para las sesiones de Asamblea de Accionistas 2. Formulación de la planeación estratégica de la Corporación 3. Análisis de las necesidades, situación y proyección de la Corporación para la elaboración del Proyecto de Presupuesto y la Propuesta de Distribución de utilidades para cada vigencia 4. Preparación del Informe de Gestión Anual que refleje los resultados de la gestión en cada vigencia | H50: 1. Presentaciones de Asamblea de Accionistas 2. Plan Estratégico Institucional, Plan Estratégico Cuatrienal y Plan de Acción Anual 3. Proyecto de Presupuesto y Propuesta de Distribución de utilidades de cada vigencia 4. Informe de Gestión Anual
A51: Vicepresidencia Financiera | B51: Oficina de Planeación | C51: Direccionamiento Estratégico | D51: Interna | E51: Tener el presupuesto aprobado y desagregado al inicio de cada vigencia, así como sus modificaciones oportunamente | F51: Que el presupuesto esté ajustado a las necesidades de la Corporación en cada vigencia | G51: 1. Tramitar la aprobación del Proyecto de Presupuesto, la desagregación y refrendación de la desagregación del presupuesto de ingresos y gastos para cada vigencia en los tiempos establecidos 2. Tramitar las modificaciones presupuestales ante las instancias competentes y elaborar las resoluciones y acuerdos correspondientes | H51: 1. Proyecto de Presupuesto para cada vigencia. 2. Resolución de desagregación del presupuesto de cada vigencia. 3. Acuerdo de refrendación de la desagregación del presupuesto de cada vigencia. 4. Acuerdos de modificación al presupuesto
A52: Revisoría Fiscal | B52: Oficina de Planeación | C52: Direccionamiento Estratégico | D52: Externa | E52: Conforme lo dispuesto en el acuerdo 02 de enero de 2021 firmado por la Junta Directiva de la CIAC, se requiere presentar informes periódicos del resultado de gestión | G52: Informe de gestión Oficial de Cumplimiento | H52: Informe de gestión trimestral Oficial de Cumplimiento SARLAFT
A53: Vicepresidencia Administrativa - Gerencia Logística | B53: Oficina de Planeación | C53: Direccionamiento Estratégico | D53: Interna | E53: Verificación aleatoria de documentación en cumplimiento a la Circular 170 de 2002 | G53: Verificación documentación requerida, diligenciamiento de formatos y formularios de asociado de negocio | H53: Comunicado interno con concepto del Oficial de cumplimiento
A54: Vicepresidencia Administrativa - Gerencia Logística | B54: Oficina de Planeación | C54: Direccionamiento Estratégico | D54: Interna | E54: Verificación de confiabilidad de los asociados de negocio cada vez que se requiera | G54: Revisión de las solicitudes, consulta a listas y bases de datos públicas y emisión de conceptos | H54: Soportes de formatos de listado de chequeo, registro de no conformidades, notificación de auditoría diligenciados por el profesional de control y seguridad.
A55: Vicepresidencia Comercial | B55: Oficina de Planeación | C55: Direccionamiento Estratégico | D55: Interna | E55: Verificación de confiabilidad de los asociados de negocio cada vez que se requiera | G55: Revisión de las solicitudes, consulta a listas y bases de datos públicas y emisión de conceptos | H55: Soportes de formatos de listado de chequeo, registro de no conformidades, notificación de auditoría diligenciados por el profesional de control y seguridad.
A56: Cliente Ejercito Nacional | B56: Vicepresidencia Comercial | C56: Gestión Comercial | D56: Externa | E56: 1. Cumplimiento en los tiempos de entrega 2. Cumplimiento de los requisitos adquiridos (promesa de valor) 3. Contar con la capacidad en los servicios requeridos (certificación autoridades aeronáuticas) 4. Soporte logístico para la flota Black Hawk y sistemas de protección balística | F56: 1. Precios y condiciones competitivas 2. Calidad de los servicios ofrecidos 3. Entrega a tiempo 4. Soporte técnico 5. Respuesta a las solicitudes de garantía | G56: 1. Procedimiento de comercialización de bienes y servicios 2. Soporte técnico y apoyo en la estructuración de las necesidades 3. Establecimiento de canales de comunicación directa 4. Evaluación de la Satisfacción del Cliente 5. Reuniones de seguimiento y retroalimentación 6. Reseller Agreemente HSI-Sikorsky soporte logístico flota Black Hawk | H56: 1. Cotizaciones y/u ofertas 2. Estudios previos 3. Solicitudes de Oferta / Licitación 4. Pólizas 5. Contratos 6. Informes de avance 7. Informes de garantía 8. Encuestas de satisfacción 9. Actas reuniones
A57: Cliente Armada Nacional | B57: Vicepresidencia Comercial | C57: Gestión Comercial | D57: Externa | E57: 1. Cumplimiento en los tiempos de entrega 2. Cumplimiento de los requisitos adquiridos (promesa de valor) 3. Contar con la capacidad en los servicios requeridos (certificación autoridades aeronáuticas) 4. Información completa y a tiempo 5. Soporte en los servicios y requerimientos para las flotas ATR-42, CN-235 y PARP | F57: 1. Precios y condiciones competitivas 2. Calidad de los servicios ofrecidos 3. Entrega a tiempo 4. Soporte técnico 5. Respuesta a las solicitudes de garantía | G57: 1. Procedimiento de comercialización de bienes y servicios 2. Soporte técnico y apoyo en la estructuración de las necesidades 3. Establecimiento de canales de comunicación directa 4. Evaluación de la Satisfacción del Cliente 5. Reuniones de seguimiento y retroalimentación | H57: 1. Cotizaciones y/u ofertas 2. Estudios previos 3. Solicitudes de Oferta / Licitación 4. Pólizas 5. Contratos 6. Informes de avance 7. Informes de garantía 8. Encuestas de satisfacción 9. Actas reuniones
A58: Cliente Fuerza Aérea Colombiana | B58: Vicepresidencia Comercial | C58: Gestión Comercial | D58: Externa | E58: 1. Cumplimiento en los tiempos de entrega 2. Cumplimiento de los requisitos adquiridos (promesa de valor) 3. Contar con la capacidad en los servicios requeridos (certificación autoridades aeronáuticas) 4. Soporte logístico para la flota UH-60 / reparación de componentes de aviónica / soporte técnico ( mano de obra calificada para las diferentes flotas) / mantenimiento mayor flota C-130 / sistemas de protección balística | F58: 1. Precios y condiciones competitivas 2. Calidad de los servicios ofrecidos 3. Entrega a tiempo 4. Soporte técnico 5. Respuesta a las solicitudes de garantía | G58: 1. Procedimiento de comercialización de bienes y servicios 2. Soporte técnico y apoyo en la estructuración de las necesidades 3. Establecimiento de canales de comunicación directa 4. Evaluación de la Satisfacción del Cliente 5. Reuniones de seguimiento y retroalimentación 6. Resseller Agreemente HSI-Sikorsky soporte logístico UH-60 | H58: 1. Cotizaciones y/u ofertas 2. Estudios previos 3. Solicitudes de Oferta / Licitación 4. Pólizas 5. Contratos 6. Informes de avance 7. Informes de garantía 8. Encuestas de satisfacción 9. Actas reuniones
A59: Cliente Policía Nacional | B59: Vicepresidencia Comercial | C59: Gestión Comercial | D59: Externa | E59: 1. Cumplimiento en los tiempos de entrega 2. Cumplimiento de los requisitos adquiridos (promesa de valor) 3. Contar con la capacidad en los servicios requeridos (certificación autoridades aeronáuticas) 4. Soporte y respaldo 5. Información completa y a tiempo 6. Retroalimentación de los servicios 7. Trámites oportunos (contratos, cotizaciones, entregas, etc) 8. Soporte en los requerimientos de todas las flotas de la Policía (adquisición y servicios de mantenimiento) | F59: 1. Precios y condiciones competitivas 2. Calidad de los servicios ofrecidos 3. Entrega a tiempo 4. Soporte técnico 5. Respuesta a las solicitudes de garantía | G59: 1. Procedimiento de comercialización de bienes y servicios 2. Soporte técnico y apoyo en la estructuración de las necesidades 3. Establecimiento de canales de comunicación directa 4. Evaluación de la Satisfacción del Cliente 5. Reuniones de seguimiento y retroalimentación | H59: 1. Cotizaciones y/u ofertas 2. Estudios previos 3. Solicitudes de Oferta / Licitación 4. Pólizas 5. Contratos 6. Informes de avance 7. Informes de garantía 8. Encuestas de satisfacción 9. Actas reuniones
A60: Cliente COTECMAR | B60: Vicepresidencia Comercial | C60: Gestión Comercial | D60: Externa | E60: 1.Cumplimiento en los tiempos de entrega 2. Cumplimiento de los requisitos adquiridos (promesa de valor) 3. Contar con la capacidad en los servicios requeridos (certificación de calidad) 4. Soporte y calidad en la fabricación de los sistemas de protección balística | F60: 1.Precios y condiciones competitivas 2. Calidad de los servicios ofrecidos 3. Entrega a tiempo 4. Soporte técnico 5. Respuesta a las solicitudes de garantía | G60: 1. Procedimiento de comercialización de bienes y servicios 2. Soporte técnico y apoyo en la estructuración de las necesidades 3. Establecimiento de canales de comunicación directa 4. Evaluación de la Satisfacción del Cliente 5. Reuniones de seguimiento y retroalimentación | H60: 1. Cotizaciones y/u ofertas 2. Contratos / Ordenes de compra 3. Informes de Avance 4. Informes de garantía 5. Encuestas de Satisfacción 6. Asistencia reuniones
A61: Cliente Avianca | B61: Vicepresidencia Comercial | C61: Gestión Comercial | D61: Externa | E61: 1. Cumplimiento de los tiempos de entrega (costo de oportunidad) 2. Cumplimiento de los requisitos adquiridos (promesa de valor) 3. Contar con la capacidad en los servicios de flota A-320 (certificados autoridades aeronáuticas UAEAC, FAA) 4. Contar con la disponibilidad de Slot de mantenimiento 24/7 | F61: 1. Establecimiento de precios y condiciones competitivas 2. Mantener la calidad de los servicios 3. Entrega a tiempo 4. Soporte técnico oportuno | G61: 1. Procedimiento de comercialización de bienes y servicios 2. Seguimiento al cumplimiento del Plan de Mercadeo 3. Establecimiento de canales de comunicación directa 4. Evaluación de la Satisfacción del Cliente 5. Reuniones de seguimiento y retroalimentación | H61: 1. Cotizaciones y/u ofertas 2. Contratos / Ordenes de compra 3. Informes de Avance 4. Informes de garantía 5. Encuestas de Satisfacción 6. Asistencia reuniones
A62: Cliente JeSmart | B62: Vicepresidencia Comercial | C62: Gestión Comercial | D62: Externa | E62: 1. Cumplimiento de los tiempos de entrega (costo de oportunidad) 2. Cumplimiento de los requisitos adquiridos (promesa de valor) 3. Contar con la capacidad en los servicios requeridos (certificación autoridades aeronáuticas UAEAC, FAA y DGAC de Chile) 4. Contar con la disponibilidad de Slot de mantenimiento 24/7 | F62: 1. Establecimiento de precios y condiciones competitivas 2. Mantener la calidad de los servicios 3. Entrega a tiempo 4. Soporte técnico oportuno | G62: 1. Procedimiento de comercialización de bienes y servicios 2. Seguimiento al cumplimiento del Plan de Mercadeo 3. Establecimiento de canales de comunicación directa 4. Evaluación de la Satisfacción del Cliente 5. Reuniones de seguimiento y retroalimentación | H62: 1. Cotizaciones y/u ofertas 2. Contratos / Ordenes de compra 3. Informes de Avance 4. Informes de garantía 5. Encuestas de Satisfacción 6. Asistencia reuniones
A63: Cliente IGAC | B63: Vicepresidencia Comercial | C63: Gestión Comercial | D63: Externa | E63: 1. Cumplimiento en los tiempos de entrega 2. Cumplimiento de los requisitos adquiridos (promesa de valor) 3. Contar con la capacidad certificada para el Turbocommander 4. Trámites oportunos (contratos, cotizaciones, entregas, etc) 5. Soporte en los requerimientos del Turbocommander (adquisición y servicios de mantenimiento) | F63: 1. Establecimiento de precios y condiciones competitivas 2. Mantener la calidad de los servicios 3. Entrega a tiempo 4. Soporte técnico oportuno | G63: 1. Procedimiento de comercialización de bienes y servicios 2. Soporte técnico y apoyo en la estructuración de las necesidades 3. Establecimiento de canales de comunicación directa 4. Evaluación de la Satisfacción del Cliente 5. Reuniones de seguimiento y retroalimentación | H63: 1. Cotizaciones y/u ofertas 2. Contratos 3. Informes de Avance 4. Informes de garantía 5. Encuestas de Satisfacción 6. Asistencia reuniones
A64: Cliente IEA (Interejecutiva de Aviación) | B64: Vicepresidencia Comercial | C64: Gestión Comercial | D64: Externa | E64: 1. Cumplimiento de los tiempos de entrega 2. Cumplimiento de los requisitos adquiridos (promesa de valor) 3. Contar con la capacidad en los servicios requeridos (certificación autoridades aeronáuticas) 4. Mantenimiento de ruedas | F64: 1. Establecimiento de precios y condiciones competitivas 2. Mantener la calidad de los servicios 3. Entrega a tiempo 4. Soporte técnico oportuno | G64: 1. Procedimiento de comercialización de bienes y servicios 2. Establecimiento de canales de comunicación directa 3. Evaluación de la Satisfacción del Cliente 4. Reuniones de seguimiento y retroalimentación | H64: 1. Cotizaciones y/u ofertas 2. Contratos / Ordenes de compra 3. Informes de no rutinas 4. Informes de garantía 5. Encuestas de Satisfacción 6. Asistencia reuniones
A65: Cliente SMX / INL / PAE-AMENTUM | B65: Vicepresidencia Comercial | C65: Gestión Comercial | D65: Externa | E65: 1. Cumplimiento de los tiempos de entrega 2. Cumplimiento de los requisitos adquiridos (promesa de valor) 3. Contar con la capacidad en los servicios requeridos (certificación autoridades aeronáuticas) 4. Soporte logístico para la flota UH-60 (componentes, reparaciones, simulador de vuelo) | F65: 1. Establecimiento de precios y condiciones competitivas 2. Mantener la calidad de los servicios 3. Entrega a tiempo 4. Soporte técnico oportuno | G65: 1. Procedimiento de comercialización de bienes y servicios 2. Establecimiento de canales de comunicación directa 3. Evaluación de la Satisfacción del Cliente 4. Reuniones de seguimiento y retroalimentación 5. Resseller Agreemente HSI-Sikorsky soporte logístico UH-60 | H65: 1. Cotizaciones y/u ofertas 2. Contratos / Ordenes de compra 3. Informes de Avance 4. Informes de garantía 5. Encuestas de Satisfacción 6. Asistencia reuniones
A66: Cliente Airbus | B66: Vicepresidencia Comercial | C66: Gestión Comercial | D66: Externa | E66: 1. Cumplimiento en los tiempos de entrega 2. Cumplimiento de los requisitos adquiridos (promesa de valor) 3. Contar con la capacidad técnica (personal con capacitado y con experiencia) para el C-295 4. Trámites oportunos (contratos, cotizaciones, entregas, etc) 5. Soporte en los requerimientos de mantenimiento del C-295 | F66: 1. Establecimiento de precios y condiciones competitivas 2. Mantener la calidad de los servicios 3. Entrega a tiempo 4. Soporte técnico oportuno | G66: 1. Procedimiento de comercialización de bienes y servicios 2. Soporte técnico y apoyo en la estructuración de las necesidades 3. Establecimiento de canales de comunicación directa 4. Evaluación de la Satisfacción del Cliente 5. Reuniones de seguimiento y retroalimentación | H66: 1. Cotizaciones y/u ofertas 2. Contratos / Ordenes de compra 3. Informes de Avance 4. Informes de garantía 5. Encuestas de Satisfacción 6. Asistencia reuniones
A67: Clientes Canal Civil | B67: Vicepresidencia Comercial | C67: Gestión Comercial | D67: Externa | E67: 1. Cumplimiento de los tiempos de entrega 2. Cumplimiento de los requisitos adquiridos (promesa de valor) 3. Contar con la capacidad en los servicios requeridos (certificación autoridades aeronáuticas OMA y CCI) | F67: 1. Establecimiento de precios y condiciones competitivas 2. Mantener la calidad de los servicios 3. Entrega a tiempo 4. Soporte técnico oportuno | G67: 1. Procedimiento de comercialización de bienes y servicios 2. Plan de Mercadeo 3. Establecimiento de canales de comunicación directa 4. Evaluación de la Satisfacción del Cliente | H67: 1. Cotizaciones y/u ofertas 2. Contratos - Aceptación 3. Informes de garantía 4. Encuestas de Satisfacción 5. Asistencia reuniones
... A83: Ministerio de Comercio Industria y Turismo | B83: Vicepresidencia Administrativa - Gerencia Logística - Grupo de Comercio Exterior | C83: Gestión Logística | D83: Externa | E83: *Reporte de la información relacionada con los montos de inversión y empleo que generen los Usuarios de Zona Franca. | F83: *Cumplir con la presentación de informes en la periodicidad estipulada por MINCIT. | G83: *Presentación de informe trimestral de zonas francas. | H83: * Informe trimestral de zonas francas.
A84: Zona Franca de Bogotá - ZFB | B84: Vicepresidencia Administrativa - Gerencia Logística - Grupo de Comercio Exterior | C84: Gestión Logística | D84: Externa | E84: *Cumplimiento del régimen franco conforme a la normatividad aduanera vigente dando cumplimiento de las actividades autorizadas mediante acto de calificación como Usuario Industrial de Bienes y de Servicios. | G84: *Control de operaciones del régimen franco de la Corporación cumpliendo la normatividad aduanera vigente que aplique. | H84: Manual Operaciones de Salida de CIAC S. Comercio Exterior Manual Operaciones de Ingreso de CIAC S. Comercio Exterior
A85: Policía Nacional - Dirección de Antinarcóticos | B85: Vicepresidencia Administrativa - Gerencia Logística - Grupo de Comercio Exterior | C85: Gestión Logística | D85: Externa | E85: *Mecanismos de control óptimos para la prevención del tráfico de estupefacientes y actividades conexas en el marco de las operaciones de exportación generadas. | G85: *Registro y actualización electrónica de los actores de la cadena de suministro para la exportación a través de la VUCE. * Generar y aplicar controles de acceso a la carga para la prevención del tráfico de estupefaciente. | H85: *Cartas de responsabilidad. * Registo en plataforma VUCE (Ventanilla Única de Comercio Exterior) *Registro fotografico de la carga *Registros en el sistema SIIS para exportaciones
A86: Brampton Consulting ZFB | B86: Vicepresidencia Administrativa - Gerencia Logística - Grupo de Comercio Exterior | C86: Gestión Logística | D86: Externa | E86: *Atención a la auditoría externa que revisa semestralmente los inventarios, la cual se lleva a cabo por la empresa designada por Zona Franca de Bogotá. | F86: *Cumplimiento por parte de CIAC al régimen de Zonas Francas en su calificación como Usuario Industrial de Bienes y de Servicios. | G86: Planeación y ejecución de auditorías Establecimiento de Controles Operacionales Seguimiento continuo de las actividades de mejoramiento | H86: *Informe de auditoria
A87: Agentes de carga internacional | B87: Vicepresidencia Administrativa - Gerencia Logística - Grupo de Comercio Exterior | C87: Gestión Logística | D87: Externa | E87: *Documentación que permita la identificación y trazabilidad de la carga y soportes que identifiquen la mercancia que se va a transportar. * Lineamientos y condiciones claras para la prestación del servicio de acuerdo a los requisitos establecidos por la corporación | F87: Información precisa y oportuna de la carga a transportar | G87: Seguimiento de los procesos establecidos para los movimientos de ingreso y salidas de mercancía | H87: *Contrato de prestación de servicios con el agente de Carga Contratado por CIAC. *Formatos y controles de acuerdo a lo establecido en los procesos internos. *Manual Operaciones de Salida de CIAC S. Comercio Exterior *Manual Operaciones de Ingreso de CIAC S. Comercio Exterior
A88: Departamento Administrativo Nacional de Estadística - DANE | B88: Vicepresidencia Administrativa - Gerencia Logística - Grupo de Comercio Exterior | C88: Gestión Logística | D88: Externa | E88: *Reporte de la información relacionada con los pagos generados al exterior por recepción de servicios. | F88: *Cumplir con la presentación de informes en la periodicidad estipulada por el DANE | G88: *Presentación de informe mensual encuesta EMCES-MTCES | H88: *Diligenciamiento encuesta EMCES-MTCES
A89: Todas las áreas | B89: Vicepresidencia Administrativa - Gerencia Logística - Grupo de Comercio Exterior | C89: Gestión Logística | D89: Interna | E89: Apoyo en las actividades de acuerdo a las formalidades aduaneras y de regimen franco. | F89: Cumplimiento de los compromisos adquiridos con los clientes. | G89: *Acompañamiento en la recepción de bienes adquiridos. *Trámite oportuno de formularios de movimiento de mercancías los cuales son validados y autorizados por el Usuario Operador de Zona Franca de Bogotá. *Comunicación de las formalidades aduaneras para el cumplimiento de requisitos. | H89: *Formulario de Movimiento de mercancías. *Formatos, documentos según lo establecido en los procesos *Procedimientos sitematizados por DataDoc
A90: Vicepresidencia Operativa - Departamento de Abastecimiento | B90: Vicepresidencia Administrativa - Gerencia Logística - Grupo de Comercio Exterior | C90: Gestión Logística | D90: Interna | E90: *Autorización de salida de los elementos para entrega a cliente. | G90: *Acompañamiento en la recepción de bienes adquiridos. *Entrega oportunda de documentación para ingreso de materiales. *Autorización de salida de los elementos para entrega a cliente. | H90: *Formato de preinspección. *Factura *Vale de salida
A91: Vicepresidencia Administrativa - Departamento Administrativo - Seguridad Física | B91: Vicepresidencia Administrativa - Gerencia Logística - Grupo de Comercio Exterior | C91: Gestión Logística | D91: Interna | E91: *Autorización de ingreso y salida de los elementos para entrega a cliente. | G91: *Autorización de ingreos y salida de los elementos. | H91: *Vale de salida *Formtao de ingreso y salida de aeronaves *Formato de ingreso y salida material no aeronautico *Formato salida herramientas
A92: Ministerio de Tecnologías de Información y Comunicaciones | B92: Vicepresidencia Administrativa - Departamento de las TICS | C92: Gestión TICS | D92: Externa | E92: •Cumplimiento de Leyes, •Cumplimiento en la directiva y lineamientos del Gobierno Digital. | F92: •Documentos Publicados Página Web •Cumplimiento de los lineamientos emitidos. | G92: •Publicación y actualización de Datos •Documentación solicitada alineada a MINTIC | H92: 1. Página Web 2. Plan Estratégico de Tecnologías de la Información - PETI. 3. Manual de Seguridad y Privacidad de la Información
A93: Ministerio de Defensa Nacional | B93: Vicepresidencia Administrativa - Departamento de las TICS | C93: Gestión TICS | D93: Externa | E93: Cumplimiento de las Políticas de TI y lineamientos de Ciberseguridad | F93: 1. Participación en las reuniones convocadas para el cumplimiento de las políticas TI. 2. Verificación de documentación y respuestas ante los mismos. (Acorde a petición) 3. Cumplimiento de los lineamientos de ciberseguridad y participación reuniones convocadas | G93: 1.Actualización y cumplimiento del Plan Estratégico de Tecnologías de la Información. 2.Actualización y cumplimiento de la directivas emitidas de TI MINDEFENSA 3.Fortalecer la ciberseguiridad en la Corporación 4.Capacitar al personal en temas de ciberseguridad | H93: 1. Alineación de la documentacion enviada por Ministerio de Defensa TI 2. Correos con alertas cibernéticas 3. Listado de asistencia a las capacitaciones y/o reuniones
A94: Grupo Social y Empresarial de la Defensa | B94: Vicepresidencia Administrativa - Departamento de las TICS | C94: Gestión TICS | D94: Externa | E94: 1.Cumplimiento de la Directiva Ministerial permanente N° 913 del 19 de abril de 2013. 2.Acatamiento de las Resoluciones y circulares emitidas. 3. Emision de respuestas acorde a solicitudes por los medios oficiales solicitados. 4. Cumplimiento de plazos y formatos de proyectos de TI. | G94: 1.Enviar los formatos a TICS MINDEFENSA previo aval del GSED cuando sean requeridos. 2.Asistir a la sustentación en reuniones para los Proyectos TIC´S al CITI 3. Proyectar respuesta a solicitudes con ingerencia de TI. | H94: 1. Plantilla CITI diligenciada 2. Formato de caso de negocio - proyectos TICS diligenciado 3. Presentacion ejecutiva establecida por TICS Mindefensa (previo aval CIAC) 4. Respuesta a documentacion solicitada. (oficios y/o correos)
A95: Revisoría Fiscal | B95: Vicepresidencia Administrativa - Departamento de las TICS | C95: Gestión TICS | D95: Externa | E95: 1. Políticas, Procesos y/o procedimientos. 2. Requerimientos solicitados por la Revisoria fiscal | F95: Cumplimiento de requerimientos de GTICS para la CIAC. | G95: 1. Mantener actualizada la documentos de calidad en política, procedimientos y procesos. 2. Satisfacer las necesidades acorde a la revisoría. | H95: Sitio de SharePoint acorde al requerimiento de la revisoria.
A96: Proveedores / Aliados | B96: Vicepresidencia Administrativa - Departamento de las TICS | C96: Gestión TICS | D96: Externa | E96: 1. Necesidades de infraestructura TI 2. Servicios previstos para el funcionamiento. | F96: 1. Funcionamiento óptimo acorde a las necesidades 2. Seguimiento a informes de ejecución | G96: 1. Seguimiento acorde a lo contratado 2. Servicio ofrecido a satisfacción de acuerdo a requerimiento. | H96: 1. Contratos en Administrativa o Gestión contractual. 2. Acta de recibo a satisfacción 3. Informes de supervisión.
A97: Todas las áreas | B97: Vicepresidencia Administrativa - Departamento de las TICS | C97: Gestión TICS | D97: Interna | E97: Implementación y/o mejora de los recursos y servicios TIC´S | F97: Disponer los recursos y servicios TI para el cumplimiento de las funciones y responsabilidades al interior de los procesos. | G97: 1. Solicitar a todos los Directivos y/o Coordinadores las necesidades mediante correo. 2. Estudiar cada necesidad y retroalimentar al área. 3. Consolidar las necesidades | H97: 1. Correos solicitudes. 2. Consolidado de requerimientos (Necesidades plan anual de adquisiciones vigencia siguiente) 3. Plan anual de adqusiciones
A98: Todas las áreas | B98: Vicepresidencia Administrativa - Departamento de las TICS | C98: Gestión TICS | D98: Interna | E98: Atender las solicitudes asociadas con los recursos y servicios TI (Directorio activo, red, correo electrónico, hardware, software y/o infraestructura de red) | F98: Cumplir oportunamente con las solicitudes asociadas con recursos y servicios TI | G98: 1. Seguimiento y atención a las solicitudes a través de la herramienta destinada como mesa de ayuda. 2.Recurso humano y técnico para el cumplimiento de solicitudes. 3.Cumplimiento de ANS (Acuerdos de niveles de servicio) | H98: Tickets en la herramienta destinada como mesa de ayuda
A99: Todas las áreas | B99: Vicepresidencia Administrativa - Departamento de las TICS | C99: Gestión TICS | D99: Interna | E99: Mantener una copias de seguridad | F99: Respaldar informacion relevante para CIAC | G99: 1. Realizar copias de respaldo de las máquinas virtuales. 2. Realizar backups de los servidores 3. Sincronización de las carpetas (Escritorio, Documentos e Imágenes) del usuario en OneDrive | H99: 1. Correos que envía de manera automática la herramienta de backup 2. Informe de backup reportado por el proveedor 3. Verificación de la sincronización del OneDrive en los puestos de trabajo
A100: Oficina de Control Interno | B100: Vicepresidencia Administrativa - Departamento de las TICS | C100: Gestión TICS | D100: Interna | E100: Informe de cumplimiento de derechos de autor | G100: Presentar informe de licenciamiento como cumplimiento de derechos de autor | H100: Informe de licenciamiento solicitado
A101: Secretaría Distrital de Ambiente | B101: Vicepresidencia Administrativa - Departamento administrativo - Gestión Ambiental | C101: Gestión Administrativa | D101: Externa | E101: Cumplimiento de la normatividad ambiental | F101: Recibir información oportuna, veraz y confiable en lo referente al cumplimiento de la legislación ambiental; articulación en programas de acompañamiento para las industrias que permitan el mejoramiento del desempeño ambiental en el Distrito | G101: 1.Inscripción a los programa PREAD y PRO-REDES, ofrecidos por la Secretaría Distrital de ambiente. 2.Atención de auditorías de control de cumplimiento de normatividad ambiental aplicable a la corporación. 3. Atención de requerimientos por parte de la entidad cuando estos se presenten | H101: Comunicados radicados ante la entidad; radicados ventanilla Web Secretaría Distrital de Ambiente
A102: Clientes | B102: Vicepresidencia Administrativa - Departamento administrativo - Gestión Ambiental | C102: Gestión Administrativa | D102: Externa | E102: Servicios y productos que cumplan con los requisitos legales ambientales. De acuerdo a necesidades del contrato | F102: 1.Adquirir productos y servicios de calidad, certificados en normas ambientales (NTC ISO 14001). 2.Fortalecer la cadena de valor en términos ambientales. 3. Obtener productos y servicios con enfoque en ciclo de vida | G102: 1.Disposición final de los bienes comercializados a los clientes. 2.Reporte a la alta dirección sobre el comportamiento del cumplimiento normativo ambiental. 3.Recolección y análisis de la información pertinente a los productos y servicios. 4. Entrega de fichas técnicas ambientales de los productos ofrecidos por la Organización. | H102: 1. Registro fotográfico 2. Radicados de comunicaciones con los clientes 3. Fichas Técnicas ambientales 4. Comunicados internos 5. Actas de disposición final de elementos del cliente dados de baja
A103: Secretaría Distrital de Salud | B103: Vicepresidencia Administrativa - Departamento administrativo - Gestión Ambiental | C103: Gestión Administrativa | D103: Externa | E103: Cumplimiento de la normatividad referente al saneamiento básico | F103: Recibir información oportuna, veraz y confiable en lo referente al cumplimiento de la normatividad aplicable a saneamiento básico de la Corporación. | G103: 1.Atención de auditorías de control de cumplimiento de normatividad referente a saneamiento básico por parte de la Corporación. | H103: 1. Concepto técnico sanitario
A104: Ministerio de Medio Ambiente y Desarrollo | B104: Vicepresidencia Administrativa - Departamento administrativo - Gestión Ambiental | C104: Gestión Administrativa | D104: Externa | E104: Cumplimiento de la normatividad ambiental | F104: Recibir información oportuna, veraz y confiable en lo referente al cumplimiento de la legislación ambiental | G104: Entrega oportuna de información a la entidad cuando esta lo requiera. | H104: 1, Comunicados radicados ante la entidad
A105: Proveedores / Aliados | B105: Vicepresidencia Administrativa - Departamento administrativo - Gestión Ambiental | C105: Gestión Administrativa | D105: Externa | E105: 1. Incorporación de criterios ambientales en la adquisición de productos y/o servicios. 2.Identificar y cumplir la normatividad ambiental aplicable a su organización | F105: 1.Inclusión de criterios ambientales en la producción de sus bienes o la prestación de sus servicios mediante el mejoramiento de sus prácticas ambientales. 2.Fortalecer su cadena de valor en terminos ambientales. | G105: 1.Verificación de los citerios ambientales a las oferta de los productos y/o servicios ofrecidos a la organización. 2.Desarrollo de auditorías a proveedores críticos del Sistema de Gestión Ambiental. | H105: 1. Soportes de cumplimiento de criterios ambientales 2. Informes de auditoría a proveedores críticos del sistema de gestión ambiental
A106: Comunidad vecina | B106: Vicepresidencia Administrativa - Departamento administrativo - Gestión Ambiental | C106: Gestión Administrativa | D106: Externa | E106: 1.Mejorar sus prácticas ambientales producto de los encuentros y actividades organizadas con la organización. | F106: 1.Reducir el impacto ambiental negativo producto de las actividades desarrolladas por la Corporación. 2. Acompañamiento por parte de la organización en temáticas ambientales | G106: Elaboración y ejecución del plan de resposabilidad social empresarial | H106: Soporte cumplimiento actividades asignadas en el PRSE
A107: Grupo Social y Empresarial de la Defensa | B107: Vicepresidencia Administrativa - Departamento administrativo - Gestión Ambiental | C107: Gestión Administrativa | D107: Externa | E107: Contribución de la Corporación para el cumplimiento de los objetivos del Plan Estratégico Sector Defensa en lo referente a medio ambiente | F107: 1.Mejorar el desempeño ambiental del Sector Defensa 2. Recibir información oportuna, veraz y confiable en lo referente a los requerimientos realizados por la entidad | G107: Informe trimestral de gestión ambiental cuando sea requerido | H107: Comunicados radicados ante la entidad; correos electrónicos
A108: Instituto de Hidrología, Meteorología y Estudios Ambientales - IDEAM | B108: Vicepresidencia Administrativa - Departamento administrativo - Gestión Ambiental | C108: Gestión Administrativa | D108: Externa | E108: Cumplimiento de la normatividad ambiental | F108: Recibir información oportuna, veraz y confiable en lo referente al cumplimiento de la legislación ambiental | G108: •Reporte anual de generadores de residuos peligrosos en el aplicativo del IDEAM | H108: Reporte cargado en aplicativo IDEAM
A109: Unidad Administrativa Especial de Aeronáutica Civil | B109: Vicepresidencia Administrativa - Departamento administrativo - Gestión Ambiental | C109: Gestión Administrativa | D109: Externa | E109: Cumplimiento de los procedimientos establecidos en la licencia ambiental del aeropuerto El Dorado | F109: Cumplimiento de los criterios ambientales establecidos en la licencia ambiental del Aeropuerto El Dorado por parte de la Corporación. | G109: •Atención de auditorías de control de cumplimiento de normatividad ambiental por parte de la Corporación con el fin de verificar que se cumpla con lo establecido en la licencia ambiental del aeropuerto El Dorado. | H109: Comunicados radicados ante la entidad; correos electrónicos
A110: Empresas apadrinadas | B110: Vicepresidencia Administrativa - Departamento administrativo - Gestión Ambiental | C110: Gestión Administrativa | D110: Externa | E110: 1.Cumplir con la legislación ambiental aplicable a la naturaleza de su organización 2. Mejora en el desempeño ambiental de la empresa apadrinada | F110: Mejora en la gestión ambiental producto de las asesoría brindada por la corporación | G110: Reuniones con responsables del área de gestión ambiental de las empresas apadrinadas con el fin de brindar el debido asesoramiento | H110: Registros de capacitación, correos electrónicos, actas de reunión
A111: Asociaciones de recicladores | B111: Vicepresidencia Administrativa - Departamento administrativo - Gestión Ambiental | C111: Gestión Administrativa | D111: Externa | E111: Fortalecer su estructura organizacional y cadena de valor a través del aprovechamiento del material aprovechable generado por la corporación | F111: Consolidarse como aliados de la corporación | G111: Entrega de material aprovechable a asociaciones de recicladores | H111: Manifiestos de entrega, actas de aprovechamientos de materiales
A112: OPAIN S.A | B112: Vicepresidencia Administrativa - Departamento administrativo - Gestión Ambiental | C112: Gestión Administrativa | D112: Externa | E112: 1. Recibir información oportuna sobre el servicio de alcantarillado prestado a la Corporación con el fin de establecer un balance hídrico 2. Recibir asesoría y soporte en control de fauna | F112: Verificación mediante facturas de servicio de cobro y cantidad de vertimientos tratados por OPAIN | G112: 1. Generación del balance hídrico 2. Atención a capacitaciones sobre el control de fauna | H112: 1. Facturas sobre los servicios 2. Registro fotografico del control de fauna
... A185: Vicepresidencia Operativa - Departamento de Aseguramiento de la Calidad y Seguridad Operacional | B185: Vicepresidencia Operativa - Oficina de Control Calidad | C185: Seguimiento y Control | D185: Interna | E185: Planificación y solución a los reportes de seguridad operacional | F185: Seguimiento continuo y solución a los reportes de seguridad operacional dentro de los tiempos establecidos, con planes de acción acertados que eviten la generación de reportes de seguridad operacional de manera recurrente | G185: Correos electrónicos, comunicados internos/Cargue de la información en los módulos de "Auditoría" y "Mejora" para reportes de seguridad operacional en la plataforma iSolución. | H185: M-2-02-004 Manual de la Organización de Mantenimiento - MOM M-2-02-008 Programa de Instrucción MT-2-02-004 Repair Station Manual M-4-10-002 Non destructive inspection manual MT-2-02-003 Quality Control Manual MT-03-01-001 Manual de diseño y desarrollo. M-3-02-001 Manual de la organizacion de produccion. P-2-02-001 Procedimiento Control de Salida No Conforme del SIGCA CIAC MT-2-04-002 MANUAL DE SEGURIDAD OPERACIONAL
A186: Vicepresidencia Administrativa - Departamento Administrativo | B186: Vicepresidencia Operativa - Oficina de Control Calidad | C186: Seguimiento y Control | D186: Interna | E186: Revisión y aprobación de la gestión del cambio para la ejecución de obras de infraestructura que compromentan las áreas misionales para darle trámite ante la autoridad aeronáutica correspondiente | G186: Seguimiento al proceso de gestión de cambio definido por CIAC Envío de la solicitud a la autoridad aeronautica correspondiente | H186: Formato gestión del cambio Comunicados con la aeronáutica civil
A187: Vicepresidencia Administrativa - Departamento de Talento Humano - Seguridad y Salud en el Trabajo | B187: Vicepresidencia Operativa - Oficina de Control Calidad | C187: Seguimiento y Control | D187: Interna | E187: Información para la realización de permisos para trabajos de alto riesgo (alturas y espacios confinados) | G187: Envío de información para la realización de permisos para trabajos de alto riesgo (alturas y espacios confinados) | H187: Correo electrónicos con la información
A188: Vicepresidencia Administrativa - Departamento Administrativo | B188: Vicepresidencia Operativa - Oficina de Control Calidad | C188: Seguimiento y Control | D188: Interna | E188: Diligenciamiento del FUID Información de la dependencia para la elaboración de las TRD | G188: Diligenciamiento del FUID Envío de la información de la dependencia para la elaboración de las TRD | H188: TRD de la dependencia FUID
A189: Vicepresidencia Administrativa - Departamento de Talento Humano | B189: Vicepresidencia Operativa - Oficina de Control Calidad | C189: Seguimiento y Control | D189: Interna | E189: Aprobación para la vinculación de pasantes misionales Necesidades de capacitación del área y de los funcionarios de la corporación en temas de requerimientos aeronáuticos para ser incluidas en el programa de capacitación | G189: Correos electrónicos con la aprobación de las pasantías misionales Envío de matriz de capacitación anual | H189: Correos electrónicos de aprobación
...

Sheet Matriz Partes Interesadas
A1: #VALUE! | B1: MATRIZ DE PARTES INTERESADAS | H1: Código: MTZ-1-03-001
H2: Fecha de Edición: 8/Octubre/2024
H3: Versión: 12
A5: Parte Interesada | B5: Criticidad | C5: Dependencia | D5: Tipo de Parte Interesada | E5: Necesidades | F5: Expectativa | G5: Acciones para abordar la necesidad | H5: Información Documentada de Evidencia
A6: Administradora de Riesgos Laborales (ARL) | B6: =VLOOKUP(Tabla1[[#This Row],[Parte Interesada]],'Caracterización P. interesadas'!A:F,6,FALSE) -> 3 | C6: Vicepresidencia Administrativa - Departamento de Talento Humano - Seguridad y Salud en el Trabajo | D6: Externa | E6: Cumplimiento a lo establecido en el Decreto 1072 de 2015 y Resolucion 0312 de 2019 sobre los estandares minimos de seguridad y salud en el Trabajo | F6: Baja tasa de accidentalidad y de enfermedades laborales | G6: Seguimiento al Sistema de Gestión de Seguridad y Salud en el Trabajo. Elaboración de plan de trabajo con la ARL. | H6: 1. Registros formato de investigación de accidentes de trabajo 2. Indicadores de accidentalidad laboral 3. Programas de promoción y prevención de accidentes de trabajo 4. Plan de Trabajo con la ARL. 5. Toda la documentación que soporta el sistema
A7: Agencia Jurídica del Estado | B7: =VLOOKUP(Tabla1[[#This Row],[Parte Interesada]],'Caracterización P. interesadas'!A:F,6,FALSE) -> 4 | C7: Oficina de Control Interno | D7: Externa | E7: Informe E-Kogui | F7: Conocer el grado de veracidad de la información digitada por los diversos responsables de alimentar el aplicativo E-Kogui, a través del seguimiento efectuado por la Oficina de Control Interno | G7: • Efectuar auditoría al aplicativo E-Kogui • Presentar la plantalla E-Kogui de Control Interno a la Agencia Jurídica del Estado • Publicar informe E-Kogui en la página web de la Corporación | H7: * Excel plantilla eKogui. * Seguimiento a cumplimiento de acciones de mejoramiento planteadas, si aplica.
A8: Agentes de carga internacional | B8: =VLOOKUP(Tabla1[[#This Row],[Parte Interesada]],'Caracterización P. interesadas'!A:F,6,FALSE) -> 2.5 | C8: Vicepresidencia Administrativa - Gerencia Logística - Grupo de Comercio Exterior | D8: Externa | E8: *Documentación que permita la identificación y trazabilidad de la carga y soportes que identifiquen la mercancia que se va a transportar. * Lineamientos y condiciones claras para la prestación del servicio de acuerdo a los requisitos establecidos por la corporación | F8: Información precisa y oportuna de la carga a transportar | G8: Seguimiento de los procesos establecidos para los movimientos de ingreso y salidas de mercancía | H8: *Contrato de prestación de servicios con el agente de Carga Contratado por CIAC. *Formatos y controles de acuerdo a lo establecido en los procesos internos. *Manual Operaciones de Salida de CIAC S. Comercio Exterior *Manual Operaciones de Ingreso de CIAC S. Comercio Exterior
A9: Aliados y/o Socios Estratégicos | B9: =VLOOKUP(Tabla1[[#This Row],[Parte Interesada]],'Caracterización P. interesadas'!A:F,6,FALSE) -> 4 | C9: Vicepresidencia Operativa - Gerencia de Mantenimiento | D9: Externa | E9: Cumplimiento de responsabilidades técnicas derivadas de los contratos/convenios pactados | F9: Generar utilidades o beneficios para su sostenimiento | G9: Realización del consejo/comité de administración trimestral entre el aliado o socio estratégico y la presidencia CIAC | H9: Actas de reunión
A10: Archivo General de la Nación | B10: =VLOOKUP(Tabla1[[#This Row],[Parte Interesada]],'Caracterización P. interesadas'!A:F,6,FALSE) -> 4.1 | C10: Vicepresidencia Administrativa - Departamento administrativo | D10: Externa | E10: Cumplir con la normatividad establecida para el cumplimiento de las políticas de archivo y aplicaciones de las herramientas del sistema de Gestión Documental (SGDA) | F10: Garantizar en todo momento la integridad, autenticidad, veracidad y fidelidad de la información bajo parámetros técnicos de organización, seguridad, trámite, gestión, conservación y disposición | G10: • Elaboración y mejora continua de los instrumentos archivísticos. | H10: • Comunicados de envío al AGN de las TRD y demás instrumentos archivisticos (según aplique), de acuerdo a las necesidades de actualización. • Planes y Programas.
A11: Asociación Nacional de Empresarios de Colombia-ANDI | B11: =VLOOKUP(Tabla1[[#This Row],[Parte Interesada]],'Caracterización P. interesadas'!A:F,6,FALSE) -> 3.5 | C11: Oficina de Planeación - Grupo Gestión Proyectos e Innovación | D11: Externa | E11: Impulsar la industria colombiana | F11: 1. Participación en las actividades. 2. Desarrollar apacidades para el fortalecimiento del sector industrial. | G11: 1. Participación en comités especializados. | H11: Citaciones y/o invitaciones a las reuniones
A12: Asociaciones de recicladores | B12: =VLOOKUP(Tabla1[[#This Row],[Parte Interesada]],'Caracterización P. interesadas'!A:F,6,FALSE) -> 2 | C12: Vicepresidencia Administrativa - Departamento administrativo - Gestión Ambiental | D12: Externa | E12: Fortalecer su estructura organizacional y cadena de valor a través del aprovechamiento del material aprovechable generado por la corporación | F12: Consolidarse como aliados de la corporación | G12: Entrega de material aprovechable a asociaciones de recicladores | H12: Manifiestos de entrega, actas de aprovechamientos de materiales
A13: Autoridades Aeronáuticas | B13: =VLOOKUP(Tabla1[[#This Row],[Parte Interesada]],'Caracterización P. interesadas'!A:F,6,FALSE) -> 3.5 | C13: Vicepresidencia Operativa - Departamento de Aseguramiento de la Calidad y Seguridad Operacional | D13: Externa | E13: Cumplimiento de los requisitos legales aplicables, derivados de regulaciones, reglamentos, normas, leyes, contratos, manuales de los fabricantes de aeronaves y componentes, políticas y lineamientos establecidos en lo manuales de CIAC aprobado y aceptados por las Autoridades Aeronáuticas. Recibir reporte "Mandatory Operational Reports" MOR y el informe de indicadores SPI | F13: Suministro de información clara, completa y oportuna evidenciando cumplimiento de las normas que aplican a los productos o servicios que provee la Corporación | G13: 1. Auditoría a los procesos internos de la Corporación, seguimiento al cumplimiento de los hallazgos para asegurar el cumplimiento de las normas. 2. Velar por el cumplimiento de los requisitos establecidos en el Manual de Seguridad Operacional 3. Generar y enviar informe de indicadores SPI 4. Mantener actualizada la base de datos de seguridad Operacional (SDCPS) 5. Informar los Mandatory Operational Reports (MOR) 6. Alinear el manual de seguridad operacional con el RAC vigente (Carta de cumplimiento). | H13: - Forma F-2-070 Programa de Auditoria - Forma F-2-018 Lista de Chequeo - Forma F-2-019 Informe de Auditoria - Software de gestión de calidad - PRG-2-04-015 Programa de Seguridad Operacional - Correos electrónicos - Reportes cargados en la plataforma IRIS (UAEAC) - Carta de cumplimiento
A14: Autoridades Aeronáuticas | B14: =VLOOKUP(Tabla1[[#This Row],[Parte Interesada]],'Caracterización P. interesadas'!A:F,6,FALSE) -> 3.5 | C14: Vicepresidencia Operativa - Gerencia de Mantenimiento | D14: Externa | E14: Cumplimiento de los requisitos legales aplicables, derivados de regulaciones, reglamentos, normas, leyes, contratos, manuales de los fabricantes de aeronaves y componentes, políticas y lineamientos establecidos en lo manuales de CIAC aprobado y aceptados por las Autoridades Aeronáuticas. | F14: Suministro de información clara, completa y oportuna, en donde no se evidencie ningun hallazgo respecto al cumplimiento de los requisitos. | G14: Cumplimiento de los procedimientos establecidos en manuales, instructivos, planes, controles, informes, documentos, etc., emitidos por la Oficina de Control Calidad | H14: M-2-02-004 Manual de la Organización de Mantenimiento - MOM M-2-02-008 Programa de Instrucción - PI M-2-02-009 Anexo a la Lista de Capacidades MT-2-02-004 Repair Station Manual MT-2-02-003 Quality Control Manual M-2-02-002 Suplemento DGAC Chile Reglamento aeronautico Latinoamericano M-2-02-003 Suplemento Aviación de Estado al MOM M-2-02-006 Suplemento para la Aviación de Estado al PI M-4-10-002 Non Destructive Testing Manual I-2-02-003 Instructivo Emisión & Control de Sellos de Documentación Técnica I-2-02-006 Instructivo Cierre Técnico I-2-02-011 Instructivo Diligenciamiento de Documentación Técnica P-2-02-001 Procedimiento Control de Salida No Conforme del SIGCA CIAC
A15: Autoridades Aeronáuticas | B15: =VLOOKUP(Tabla1[[#This Row],[Parte Interesada]],'Caracterización P. interesadas'!A:F,6,FALSE) -> 3.5 | C15: Vicepresidencia Operativa - Gerencia de Producción | D15: Externa | E15: Cumplimiento de los requisitos legales aplicables, derivados de regulaciones, reglamentos, normas, leyes, contratos, manuales de los fabricantes de aeronaves y componentes, políticas y lineamientos establecidos en lo manuales de CIAC aprobado y aceptados por las Autoridades Aeronáuticas. | F15: Que se generen evidencias aprobadas, únicas, actualizadas, trazables y controladas del cumplimiento de sus requisitos y solicitudes para todo el ciclo de vida de los productos y servicios que son desarrollados y ofrecidos por la gerencia. | G15: Cumplimiento de los procedimientos establecidos en manuales, instructivos, planes, controles, informes, documentos, etc., emitidos por la Oficina de Control Calidad | H15: M-3-02-001 Manual de la organización de producción. M-4-10-002 Non Destructive Testing Manual I-2-02-003 Instructivo Emisión & Control de Sellos de Documentación Técnica I-2-02-006 Instructivo Cierre Técnico I-2-02-011 Instructivo Diligenciamiento de Documentación Técnica P-2-02-001 Procedimiento Control de Salida No Conforme del SIGCA CIAC
A16: Autoridades Aeronáuticas | B16: =VLOOKUP(Tabla1[[#This Row],[Parte Interesada]],'Caracterización P. interesadas'!A:F,6,FALSE) -> 3.5 | C16: Vicepresidencia Operativa - Grupo CECSA | D16: Externa | E16: Cumplimiento de las normatividad aeronaútica. | F16: Suministro de información clara, completa y oportuna en relación a la ejecución de entrenamientos acorde con la normatividad aeronautica. | G16: Elaboración y revisión de manuales, informes, documentos, etc., emitidos por el Centro de Entrenamiento para establecer los procedimientos, controles y acciones a seguir para dar cumplimiento a los requisitos normativos. | H16: 1. Especificaciones de Operación del CECSA. 2. Manual Directivas de Instrucción MDI 3. Training Program Manual TPM 4. Informe mensual y semestral a la autoridad aeronáutica relacionando los cursos realizados y aprobados en el CECSA. 5. Anuncio de programación de entrenamiento aeronáutico por medio de correo electrónico
A17: Autoridades Aeronáuticas | B17: =VLOOKUP(Tabla1[[#This Row],[Parte Interesada]],'Caracterización P. interesadas'!A:F,6,FALSE) -> 3.5 | C17: Vicepresidencia Operativa - Oficina de Control Calidad | D17: Externa | E17: Cumplimiento de los requisitos legales aplicables, derivados de regulaciones, reglamentos, normas, leyes, contratos, manuales de los fabricantes de aeronaves y componentes, políticas y lineamientos establecidos en lo manuales de CIAC aprobado y aceptados por las Autoridades Aeronáuticas. | F17: Suministro de información clara, completa y oportuna, en donde no se evidencie ningun hallazgo respecto al cumplimiento de los requisitos. | G17: Elaboración y revisión de manuales, instructivos, planes, informes, documentos, etc., emitidos por la Oficina de Control Calidad para establecer los procedimientos, controles y acciones a seguir por la corporación para dar cumplimiento a estos requisitos. | H17: M-2-02-004 Manual de la Organización de Mantenimiento - MOM M-2-02-008 Programa de Instrucción - PI M-2-02-009 Anexo a la Lista de Capacidades MT-2-02-004 Repair Station Manual MT-2-02-003 Quality Control Manual M-2-02-002 Suplemento DGAC Chile Reglamento aeronautico Latinoamericano M-2-02-003 Suplemento Aviación de Estado al MOM M-2-02-006 Suplemento para la Aviación de Estado al PI MT-03-01-001 Manual de diseño y desarrollo. M-3-02-001 Manual de la organizacion de produccion. M-4-10-002 Non Destructive Testing Manual I-2-02-003 Instructivo Emisión & Control de Sellos de Documentación Técnica I-2-02-006 Instructivo Cierre Técnico I-2-02-011 Instructivo Diligenciamiento de Documentación Técnica P-2-02-001 Procedimiento Control de Salida No Conforme del SIGCA CIAC
... A59: Departamento Administrativo Nacional de Estadística - DANE | B59: =VLOOKUP(Tabla1[[#This Row],[Parte Interesada]],'Caracterización P. interesadas'!A:F,6,FALSE) -> 2.8 | C59: Vicepresidencia Financiera - Grupo de Contabilidad | D59: Externa | E59: Recopilar información en relación a estadísticas basadas en: contratación de personal de la entidad, ingresos costos y gastos de la entidad, información de inversión en tecnología, inventarios de la Corporación, consumo de energía. | F59: Diligenciamiento oportuno de las encuestas solicitadas a la Corporación | G59: Generar las encuestas mensuales y anuales de la situación financiera en la plataforma del DANE. Solicitar mediante correo electrónico o comunicado interno la información requerida para que la Dirección dé respuesta a su petición. | H59: Diligenciamiento y envío de las encuestas solicitadas por el DANE
A60: Departamento Nacional de Planeación - DNP | B60: =VLOOKUP(Tabla1[[#This Row],[Parte Interesada]],'Caracterización P. interesadas'!A:F,6,FALSE) -> 3 | C60: Oficina de Planeación | D60: Externa | E60: Conocer el presupuesto de inversión y sus modificaciones para realizar seguimiento | G60: Envío de la propuesta de distribución de las utilidades de la vigencia anterior | H60: Propuesta distribución utilidades
A61: Departamento Nacional de Planeación - DNP | B61: =VLOOKUP(Tabla1[[#This Row],[Parte Interesada]],'Caracterización P. interesadas'!A:F,6,FALSE) -> 3 | C61: Oficina de Planeación - Grupo Gestión Proyectos e Innovación | D61: Externa | E61: Conocer el presupuesto de inversión y sus modificaciones para realizar seguimiento | F61: Ejecución eficiente de los proyectos | G61: Envío de reportes mensuales SPI Envío soportes de presupuesto de inversión | H61: 1. Ejecución presupuestal y personal a cargo de proyectos en plataforma SPI
A62: Despachos Judiciales | B62: =VLOOKUP(Tabla1[[#This Row],[Parte Interesada]],'Caracterización P. interesadas'!A:F,6,FALSE) -> 5 | C62: Oficina Jurídica | D62: Externa | E62: Respuesta a tiempo de las demandas, tutelas y demás requerimientos judiciales. | F62: Argumentación con fundamentos jurídicos que aporten a la discusión y solución en derecho de la controversia estudiada | G62: Realizar los analisis Jurídicos y proyección de documentos que se deben radicar ante el Despacho Judicial, de conformidad con el procedimiento de análisis y elaboración de documentos Jurídicos | H62: Las contestaciones dadas a las demandas y a las acciones de tutelas presentadas en contra de la Corporación, al igual que las respuestas dadas a los requerimientos efectuandas por los difrentes despachos de la Rama Judicial
A63: Dirección de Impuestos y Aduanas Nacionales -DIAN | B63: =VLOOKUP(Tabla1[[#This Row],[Parte Interesada]],'Caracterización P. interesadas'!A:F,6,FALSE) -> 4 | C63: Vicepresidencia Administrativa - Departamento de Talento Humano | D63: Externa | E63: Reporte mensual de nómina electrónica | F63: Cumplimiento normativo | G63: Consolidación y cargue de la información en la plataforma de la DIAN | H63: Informe prevalidador XML transmisión de nómina electrónica
A64: Dirección de Impuestos y Aduanas Nacionales -DIAN | B64: =VLOOKUP(Tabla1[[#This Row],[Parte Interesada]],'Caracterización P. interesadas'!A:F,6,FALSE) -> 4 | C64: Vicepresidencia Administrativa - Gerencia Logística - Grupo de Comercio Exterior | D64: Externa | E64: *Dar cumplimiento a la normatividad aduanera, tributaria y cambiaria vigente, que sea aplicable a los procesos de la Corporación. | F64: *Cumplimiento de las responsabilidades adquiridas como Usuarios Aduaneros, para evitar sanciones aduaneras. *Ser un usuario de Confianza para la Dirección de Impuestos y Aduanas Nacionales. *Mantener la calificación como Operador Económico Autorizado. | G64: *Actualización permanente en la normatividad aduanera vigente para la aplicación en los proceso de la corporación. *Cumplimiento de la realización de nacionalizaciones correspondientes de acuerdo a los elementos que se entegaran al cliente y saldran al TAN. * Cumplimiento de la normatividad aduanera en los procesos de exportación de mercancias al exterior. * Presentación y pago oportuno de tributos aduaneros | H64: Manual Operaciones de Salida de CIAC S. Comercio Exterior Manual Operaciones de Ingreso de CIAC S. Comercio Exterior
A65: Dirección de Impuestos y Aduanas Nacionales -DIAN | B65: =VLOOKUP(Tabla1[[#This Row],[Parte Interesada]],'Caracterización P. interesadas'!A:F,6,FALSE) -> 4 | C65: Vicepresidencia Financiera - Grupo de Contabilidad | D65: Externa | E65: Velar por el estricto cumplimiento de las obligaciones tributarias a cargo de los contribuyentes | F65: Recibir oportunamente las declaraciones tributarias, así como recaudar de manera satisfactoria los impuestos nacionales | G65: Establecer un cronograma de impuestos nacionales, en el cual se determinen las fechas de cierre contables Realizar la liquidación de los impuestos de manera oportuna Envío de los impuestos para verificación y firma de la revisoría fiscal y presentación y pago de los mismos, garantizando el oportuno tramite en cumplimiento al calendario tributario establecido por la Dirección de Impuestos y Aduanas Nacionales DIAN para cada vigencia. Entregar oportunamente la información exógena nacional | H65: Hojas de trabajo de liquidación de los impuestos; formularios de presentación y recibos de pago
A66: Dirección de Impuestos y Aduanas Nacionales -DIAN | B66: =VLOOKUP(Tabla1[[#This Row],[Parte Interesada]],'Caracterización P. interesadas'!A:F,6,FALSE) -> 4 | C66: Vicepresidencia Financiera - Grupo de Tesorería | D66: Externa | E66: 1. Cumplimiento de la normatividad cambiaria | F66: 3. Recibir la presentacion de los medios magneticos en la fechas estipuladas cumpliendo con la normatividad vigente. | G66: 1. Realizar el reporte consolidado trimestral de la informacion exogena cambiaria concerniente a la tesoreria para el aplicativo de la DIAN. 2. Mantener actualizada la informacion en el aplicativo del Banco de la cuenta de compensación con las declaraciones efectuadas en el trimestre a reportar y el diligenciamiento de los formulario de las legalizaciones pendientes | H66: 1. Archivo XML generados por la plataforma de la cuenta de compensacion. 2. Formato de presentación de información por envio de archivos. (Direccion de impuestos y Aduanas Nacionales ( DIAN).
A67: Dirección Nacional de Derechos de Autor | B67: =VLOOKUP(Tabla1[[#This Row],[Parte Interesada]],'Caracterización P. interesadas'!A:F,6,FALSE) -> 1.5 | C67: Oficina de Control Interno | D67: Externa | E67: Informe de cumplimiento de derechos de autor software | F67: • Conocer el grado de cumplimiento de la Entidad en asuntos de Derechos de Autor software através del seguimiento efectuado por la Oficina de Control Interno, •Conocer la efectividad de los controles que CIAC S.A implementa para proteger los derechos de autor software. | G67: • Efectuar revisión de cumplimiento de derechos de autor software. • Documentar informe de cumplimiento de derechos de autor software. • Presentar informe de cumplimiento de derechos de autor a la presidencia CIAC. • Diligenciamiento del aplicativo online de la Dirección Nacional de Derechos de Autor y obtención del respectivo certificado. • Publicar informe de cumplimiento de derechos de autor en la página web de la Corporación. • Informar a la presidencia , Subpresidencia, Comité de Coordinación de Control Interno y Comité de Auditoría acerca del estado de las acciones de Mejoramiento suscritas para superar las debilidades detectadas, en caso de que se presenten. | H67: • Informe de cumplimiento de derechos de autor software. • Certificado de diligenciamiento del aplicativo online de la Dirección Nacional de Derechos de Autor. * Correo electrónico de información de las dependencias involucradas. * Seguimiento a cumplimiento de acciones de mejoramiento planteadas, si aplica.
A68: Empresas Aeronáuticas del Sector | B68: =VLOOKUP(Tabla1[[#This Row],[Parte Interesada]],'Caracterización P. interesadas'!A:F,6,FALSE) -> 2 | C68: Oficina de Planeación - Grupo Gestión Proyectos e Innovación | D68: Externa | E68: Impulso empresarial | F68: Participación en las actividades para el desarrollo empresarial y desarrollo de proyectos. | G68: Participación en proyectos, de acuerdo a necesidades y requerimientos de CIAC. | H68: 1. Documentos de proyectos. 2. Firma de convenios o acuerdos.
A69: Empresas Aeronáuticas del Sector | B69: =VLOOKUP(Tabla1[[#This Row],[Parte Interesada]],'Caracterización P. interesadas'!A:F,6,FALSE) -> 2 | C69: Vicepresidencia Comercial | D69: Externa | E69: 1. Tener participación en el mercado 2. Realizar Alianzas o Acuerdos Comerciales | F69: 1. Competencia leal | G69: 1. Investigación de mercados – conocimiento de la competencia 2. Posicionamiento de marca | H69: 1. Plan de Mercadeo (análisis de la competencia) 2. Acuerdos comerciales 3. Participación en ferias y eventos comerciales
A70: Empresas apadrinadas | B70: =VLOOKUP(Tabla1[[#This Row],[Parte Interesada]],'Caracterización P. interesadas'!A:F,6,FALSE) -> 1.5 | C70: Vicepresidencia Administrativa - Departamento administrativo - Gestión Ambiental | D70: Externa | E70: 1.Cumplir con la legislación ambiental aplicable a la naturaleza de su organización 2. Mejora en el desempeño ambiental de la empresa apadrinada | F70: Mejora en la gestión ambiental producto de las asesoría brindada por la corporación | G70: Reuniones con responsables del área de gestión ambiental de las empresas apadrinadas con el fin de brindar el debido asesoramiento | H70: Registros de capacitación, correos electrónicos, actas de reunión
A71: Entes Certificadores | B71: =VLOOKUP(Tabla1[[#This Row],[Parte Interesada]],'Caracterización P. interesadas'!A:F,6,FALSE) -> 1.8 | C71: Oficina de Planeación | D71: Externa | E71: Suministro de información previa y seguimiento a las auditorías en terminos de calidad y oportunidad, cumplimiendo con los requisitos normativos | F71: Mejoramiento continuo del sistema | G71: Comunicación y seguimiento continuo para la coordinación de las auditorías incluyendos pagos, entrega de información previa. Consolidación de los planes de acción garantizando la calidad y oportunidad de los compromisos formulados | H71: Correos de seguimiento de actividades de mejoramiento. Cargue de planes de acción en las plataformas establecidas para cada caso.
A72: Entes de Control | B72: =VLOOKUP(Tabla1[[#This Row],[Parte Interesada]],'Caracterización P. interesadas'!A:F,6,FALSE) -> 4 | C72: Oficina Jurídica | D72: Externa | E72: 1.Respuesta a tiempo de los derechos de petición o solicitudes de información 2.Atención a las auditorías que practique el Ente de Control. | F72: 1.Respuesta de manera puntual de las inquietudes, es decir, que se responda de fondo 2.atención a los requerimientos que se efectúan en virtud de una auditoría | G72: 1.De conformidad con el procedimiento de PQRS, la oficina jurídica realiza el control de tiempos para las respuestas y establece vistos buenos para las mismas 2.Planes de mejoramiento o las acciones correctivas a los hallazgos informados por el Ente de Control | H72: 1. Respuestas dadas a las peticiones presentadas, las cuales deben observar los lineamientos en materia de PQRS dados al interior de la Corporación. 2. Actividades producto de los planes de mejoramiento.
... A80: Grupo Social y Empresarial de la Defensa | B80: =VLOOKUP(Tabla1[[#This Row],[Parte Interesada]],'Caracterización P. interesadas'!A:F,6,FALSE) -> 4.8 | C80: Oficina de Planeación | D80: Externa | E80: Cumplimiento oportuno y con calidad a los informes de resultados y los trámites ante los entes de control y entidades a las que se les debe reportar información. * Estricto cumplimiento a las políticas administrativas establecidas. | F80: Información veraz que permita la toma de decisiones. Lineamientos con las políticas administrativas que permitan el logro de las metas sectoriales. | G80: Generación de informes con base en los lineamientos establecidos Elaboración del Plan Estratégico Institucional con base en la Estrategía Sectorial Planificación Estratégica * Instructivo de avance MIPG sectorial (trimestralmente) *Ficha de avance indicadores PES (trimestral) * Tablero megas *Memorias al congreso *Reporte anual entidades | H80: Informes GSED Plan Estratégico Institucional Plan de Acción Anual
A81: Grupo Social y Empresarial de la Defensa | B81: =VLOOKUP(Tabla1[[#This Row],[Parte Interesada]],'Caracterización P. interesadas'!A:F,6,FALSE) -> 4.8 | C81: Presidencia - Comunicaciones | D81: Externa | E81: Posicionamiento de las empresas del GSED a través de las capacidades ofertadas por cada entidad | G81: Actualización de información que genere noticia Desarrollo de eventos en conjunto Portafolio de servicios Estrategias de comunicación conjuntas | H81: Fotos y videos del evento Tweets y notas en página web y otros medios Acciones derivadas de la estrategia Boletín GSED
A82: Grupo Social y Empresarial de la Defensa | B82: =VLOOKUP(Tabla1[[#This Row],[Parte Interesada]],'Caracterización P. interesadas'!A:F,6,FALSE) -> 4.8 | C82: Vicepresidencia Administrativa - Departamento administrativo - Gestión Ambiental | D82: Externa | E82: Contribución de la Corporación para el cumplimiento de los objetivos del Plan Estratégico Sector Defensa en lo referente a medio ambiente | F82: 1.Mejorar el desempeño ambiental del Sector Defensa 2. Recibir información oportuna, veraz y confiable en lo referente a los requerimientos realizados por la entidad | G82: Informe trimestral de gestión ambiental cuando sea requerido | H82: Comunicados radicados ante la entidad; correos electrónicos
A83: Grupo Social y Empresarial de la Defensa | B83: =VLOOKUP(Tabla1[[#This Row],[Parte Interesada]],'Caracterización P. interesadas'!A:F,6,FALSE) -> 4.8 | C83: Vicepresidencia Administrativa - Departamento de las TICS | D83: Externa | E83: 1.Cumplimiento de la Directiva Ministerial permanente N° 913 del 19 de abril de 2013. 2.Acatamiento de las Resoluciones y circulares emitidas. 3. Emision de respuestas acorde a solicitudes por los medios oficiales solicitados. 4. Cumplimiento de plazos y formatos de proyectos de TI. | G83: 1.Enviar los formatos a TICS MINDEFENSA previo aval del GSED cuando sean requeridos. 2.Asistir a la sustentación en reuniones para los Proyectos TIC´S al CITI 3. Proyectar respuesta a solicitudes con ingerencia de TI. | H83: 1. Plantilla CITI diligenciada 2. Formato de caso de negocio - proyectos TICS diligenciado 3. Presentacion ejecutiva establecida por TICS Mindefensa (previo aval CIAC) 4. Respuesta a documentacion solicitada. (oficios y/o correos)
A84: Grupo Social y Empresarial de la Defensa | B84: =VLOOKUP(Tabla1[[#This Row],[Parte Interesada]],'Caracterización P. interesadas'!A:F,6,FALSE) -> 4.8 | C84: Vicepresidencia Administrativa - Departamento de Talento Humano | D84: Externa | E84: Información del personal militar y novedades administrativas | F84: Alineación con políticas GSED | G84: 1.Responder a las solicitudes administrativas relacionadas con el personal militar que está en comisión administrativa permanente. 2. Tramitar las novedades administrativas del personal militar (Comisiones al exterior). | H84: Programación de vacaciones de personal militar Comisiones Actos de nombramiento Registro de información en ERP
A85: Grupo Social y Empresarial de la Defensa | B85: =VLOOKUP(Tabla1[[#This Row],[Parte Interesada]],'Caracterización P. interesadas'!A:F,6,FALSE) -> 4.8 | C85: Vicepresidencia Comercial | D85: Externa | E85: 1. Información oportuna y de calidad - GSED | F85: 1. Participación actividades y eventos atención delegaciones. | G85: 1. Envío de información, informes 2. Participación en reuniones y actividades propuestas | H85: 1. Informes solicitados 2. Participación eventos y reuniones
A86: Grupo Social y Empresarial de la Defensa | B86: =VLOOKUP(Tabla1[[#This Row],[Parte Interesada]],'Caracterización P. interesadas'!A:F,6,FALSE) -> 4.8 | C86: Vicepresidencia Financiera - Grupo de Contabilidad | D86: Externa | E86: Recebir los estados financieros comparativos | F86: Información confiable,oportuna y veraz | G86: Generación de los Estados Financieros. | H86: Envío y presentación de estados financieros, mediante correo electronico
A87: Grupo Social y Empresarial de la Defensa | B87: =VLOOKUP(Tabla1[[#This Row],[Parte Interesada]],'Caracterización P. interesadas'!A:F,6,FALSE) -> 4.8 | C87: Vicepresidencia Financiera - Grupo de Contabilidad | D87: Externa | E87: Recebir los estados financieros comparativos | F87: Información confiable,oportuna y veraz | G87: Generación de los Estados Financieros. | H87: Envío y presentación de estados financieros, mediante correo electronico
A88: Grupo Social y Empresarial de la Defensa | B88: =VLOOKUP(Tabla1[[#This Row],[Parte Interesada]],'Caracterización P. interesadas'!A:F,6,FALSE) -> 4.8 | C88: Vicepresidencia Financiera - Presupuesto | D88: Externa | E88: 1. Cumplimiento en el envío mensual de la ejecución presupuestal de Ingresos y Gastos. | F88: 1. Elaborar y envíar oportunamente los informes de ejecución presupuestal. | G88: 1. Diligenciar y envíar oportunamente en el archivo suministrado por el GSED la ejecución presupuestal de ingresos y gastos | H88: Informe mensual de Ejecución Presupuestal de ingresos y Gastos, en formato excel, vía correo electrónico
A89: Instituto de Hidrología, Meteorología y Estudios Ambientales - IDEAM | B89: =VLOOKUP(Tabla1[[#This Row],[Parte Interesada]],'Caracterización P. interesadas'!A:F,6,FALSE) -> 2 | C89: Vicepresidencia Administrativa - Departamento administrativo - Gestión Ambiental | D89: Externa | E89: Cumplimiento de la normatividad ambiental | F89: Recibir información oportuna, veraz y confiable en lo referente al cumplimiento de la legislación ambiental | G89: •Reporte anual de generadores de residuos peligrosos en el aplicativo del IDEAM | H89: Reporte cargado en aplicativo IDEAM
A90: Junta Directiva | B90: =VLOOKUP(Tabla1[[#This Row],[Parte Interesada]],'Caracterización P. interesadas'!A:F,6,FALSE) -> 5 | C90: Vicepresidencia Financiera - Grupo de Contabilidad | D90: Externa | E90: Informe de la situación financiera de la corporación | F90: Información confiable,oportuna y veráz | G90: Generación de los Estados Financieros. | H90: Estados financieros
A91: Medios de comunicación | B91: =VLOOKUP(Tabla1[[#This Row],[Parte Interesada]],'Caracterización P. interesadas'!A:F,6,FALSE) -> 1.8 | C91: Presidencia - Comunicaciones | D91: Externa | E91: Dar a conocer hechos relevantes de la Corporación a la ciudadanía en general de acuerdo a las necesidades de los medios | F91: Recibir información de la Corporación de forma clara y oportuna | G91: Generación de comunicados de prensa en acompañamiento de la oficina jurídica. | H91: Comunicados de prensa aprobados por la presidencia
A92: Ministerio de Ciencia, Tecnología e Innovación | B92: =VLOOKUP(Tabla1[[#This Row],[Parte Interesada]],'Caracterización P. interesadas'!A:F,6,FALSE) -> 2.8 | C92: Oficina de Planeación - Grupo Gestión Proyectos e Innovación | D92: Externa | E92: Impulsar la investigación e innovación | F92: Ejecución de convocatorias | G92: Seguimiento y aplicación a convocatorias | H92: Postulación de convocatorias
A93: Ministerio de Comercio Industria y Turismo | B93: =VLOOKUP(Tabla1[[#This Row],[Parte Interesada]],'Caracterización P. interesadas'!A:F,6,FALSE) -> 3.8 | C93: Vicepresidencia Administrativa - Gerencia Logística - Grupo de Comercio Exterior | D93: Externa | E93: *Reporte de la información relacionada con los montos de inversión y empleo que generen los Usuarios de Zona Franca. | F93: *Cumplir con la presentación de informes en la periodicidad estipulada por MINCIT. | G93: *Presentación de informe trimestral de zonas francas. | H93: * Informe trimestral de zonas francas.
A94: Ministerio de Comercio, Industria y Turismo Secretaria Desarrollo Economico | B94: =VLOOKUP(Tabla1[[#This Row],[Parte Interesada]],'Caracterización P. interesadas'!A:F,6,FALSE) -> 2 | C94: Oficina de Planeación - Grupo Gestión Proyectos e Innovación | D94: Externa | E94: Impulsar la investigación,innovación y el desarrollo de proyectos | F94: 1. Participación en convocatorias. 2. Participación en las actividades para el desarrollo de capacidades, fortalecimiento de la innovación y el desarrollo empresarial. | G94: Seguimiento y aplicación a convocatorias | H94: Postulación a convocatorias
A95: Ministerio de Defensa Nacional | B95: =VLOOKUP(Tabla1[[#This Row],[Parte Interesada]],'Caracterización P. interesadas'!A:F,6,FALSE) -> 4 | C95: Vicepresidencia Administrativa - Departamento de las TICS | D95: Externa | E95: Cumplimiento de las Políticas de TI y lineamientos de Ciberseguridad | F95: 1. Participación en las reuniones convocadas para el cumplimiento de las políticas TI. 2. Verificación de documentación y respuestas ante los mismos. (Acorde a petición) 3. Cumplimiento de los lineamientos de ciberseguridad y participación reuniones convocadas | G95: 1.Actualización y cumplimiento del Plan Estratégico de Tecnologías de la Información. 2.Actualización y cumplimiento de la directivas emitidas de TI MINDEFENSA 3.Fortalecer la ciberseguiridad en la Corporación 4.Capacitar al personal en temas de ciberseguridad | H95: 1. Alineación de la documentacion enviada por Ministerio de Defensa TI 2. Correos con alertas cibernéticas 3. Listado de asistencia a las capacitaciones y/o reuniones
... A97: Ministerio de Educación | B97: =VLOOKUP(Tabla1[[#This Row],[Parte Interesada]],'Caracterización P. interesadas'!A:F,6,FALSE) -> 1 | C97: Vicepresidencia Financiera - Grupo de Contabilidad | D97: Externa | E97: Recaudo de la contribución de Estampillas pro-universidades Universidad Nacional y demas universidades estatales de Colombia. | F97: Recaudo y presentación de la contribución | G97: Correcta aplicación, liquidación y pago de la contribución Estampillas | H97: Planilla con la liquidación de la contribución establecida por el Ministerio de Educación
A98: Ministerio de Hacienda y Crédito Público | B98: =VLOOKUP(Tabla1[[#This Row],[Parte Interesada]],'Caracterización P. interesadas'!A:F,6,FALSE) -> 3.5 | C98: Oficina de Planeación | D98: Externa | E98: Conocer el presupuesto y modificaciones al mismo para realizar seguimiento | G98: Cargue del presupuesto aprobado en el aplicativo EICE y envío de los acuerdos que modifican el presupuesto. Envío de la propuesta de distribución de las utilidades de la vigencia anterior | H98: Presupuesto aprobado y sus modificaciones aprobadas por la Junta Directiva Propuesta distribución utilidades
A99: Ministerio de Hacienda y Crédito Público | B99: =VLOOKUP(Tabla1[[#This Row],[Parte Interesada]],'Caracterización P. interesadas'!A:F,6,FALSE) -> 3.5 | C99: Vicepresidencia Administrativa - Departamento de Talento Humano | D99: Externa | E99: 1. Conocer el informe de ejecución presupuestal de Gastos en lo relacionado con la nómina | F99: 1. Recibir dentro del plazo establecido el informe de ejecución presupuestal de Gastos en lo relacionado con la nómina | G99: 1. Cargue de Ejecución presupuestal de gastos relacionados con la nómina de la Corporación en el aplicativo del Ministerio de Hacienda | H99: Informe mensual de Ejecución Presupuestal de de gastos relacionados con la nómina de la Corporación en el aplicativo del Ministerio de Hacienda
A100: Ministerio de Hacienda y Crédito Público | B100: =VLOOKUP(Tabla1[[#This Row],[Parte Interesada]],'Caracterización P. interesadas'!A:F,6,FALSE) -> 3.5 | C100: Vicepresidencia Financiera - Presupuesto | D100: Externa | E100: 1. Conocer el informe de ejecución presupuestal de Ingresos y Gastos | F100: 1. Recibir dentro del plazo establecido el informe de ejecución presupuestal de Ingresos y gastos | G100: 1. Cargue de Ejecución presupuestal de ingresos y gastos en el aplicativo del Ministerio de Hacienda | H100: Informe mensual de Ejecución Presupuestal de ingresos y Gastos en el aplicativo del Ministerio de Hacienda
A101: Ministerio de Medio Ambiente y Desarrollo | B101: =VLOOKUP(Tabla1[[#This Row],[Parte Interesada]],'Caracterización P. interesadas'!A:F,6,FALSE) -> 3.3 | C101: Vicepresidencia Administrativa - Departamento administrativo - Gestión Ambiental | D101: Externa | E101: Cumplimiento de la normatividad ambiental | F101: Recibir información oportuna, veraz y confiable en lo referente al cumplimiento de la legislación ambiental | G101: Entrega oportuna de información a la entidad cuando esta lo requiera. | H101: 1. Comunicados radicados ante la entidad
A102: Ministerio de Minas y Energía | B102: =VLOOKUP(Tabla1[[#This Row],[Parte Interesada]],'Caracterización P. interesadas'!A:F,6,FALSE) -> 2 | C102: Vicepresidencia Administrativa - Departamento de Talento Humano - Seguridad y Salud en el Trabajo | D102: Externa | E102: Contar con un plan de vigilancia epidemiológica para radiación ionizante | F102: Baja tasa de accidentalidad y de enfermedades laborales | G102: 1. Elaboración y ejecución del plan de vigilancia epidemiológica para radiación ionizante | H102: 1. Plan de vigilancia epidemiológica para radiación ionizante
A103: Ministerio de Salud y Protección Social | B103: =VLOOKUP(Tabla1[[#This Row],[Parte Interesada]],'Caracterización P. interesadas'!A:F,6,FALSE) -> 2.8 | C103: Vicepresidencia Administrativa - Departamento de Talento Humano - Seguridad y Salud en el Trabajo | D103: Externa | E103: Cumplimiento de la resolución 2400 de 1979 en cuanto a las disposiciones de higiene y seguridad en los establecimientos de trabajo y normativa vigente aplicable. | F103: Garantizar condiciones de seguridad de higiene adecuadas dentros de las instalaciones de la CIAC y la promoción del autocuidado en las personas | G103: 1. Seguimiento al Sistema de Gestión de Seguridad y Salud en el Trabajo. 2. Elaboración de plan de trabajo SGSST 3. Ejecución de inspecciones locativas y solución de las novedades encontradas | H103: 1. Plan de Trabajo SGSST 2. Toda la documentación que soporta el sistema 3. Registros formato de inspección
A104: Ministerio de Tecnologías de Información y Comunicaciones | B104: =VLOOKUP(Tabla1[[#This Row],[Parte Interesada]],'Caracterización P. interesadas'!A:F,6,FALSE) -> 2.5 | C104: Vicepresidencia Administrativa - Departamento de las TICS | D104: Externa | E104: •Cumplimiento de Leyes, •Cumplimiento en la directiva y lineamientos del Gobierno Digital. | F104: •Documentos Publicados Página Web •Cumplimiento de los lineamientos emitidos. | G104: •Publicación y actualización de Datos •Documentación solicitada alineada a MINTIC | H104: 1. Página Web 2. Plan Estratégico de Tecnologías de la Información - PETI. 3. Manual de Seguridad y Privacidad de la Información
A105: Ministerio de Trabajo | B105: =VLOOKUP(Tabla1[[#This Row],[Parte Interesada]],'Caracterización P. interesadas'!A:F,6,FALSE) -> 3 | C105: Vicepresidencia Administrativa - Departamento de Talento Humano - Seguridad y Salud en el Trabajo | D105: Externa | E105: Cumplimiento a lo establecido en el Decreto 1072 de 2015 y Resolucion 0312 de 2019 sobre los estandares minimos de seguridad y salud en el Trabajo | F105: 1. Cumplimiento normativo 2. Baja tasa de accidentalidad y de enfermedades laborales | G105: 1. Seguimiento al Sistema de Gestión de Seguridad y Salud en el Trabajo. 2. Elaboración de plan de trabajo SGSST 3. Elaboración de autoevaluación anual de estandares mínimos. | H105: 1. Registros formato de investigación de accidentes de trabajo 2. Indicadores de accidentalidad laboral 3. Programas de promoción y prevención de accidentes de trabajo 4. Plan de Trabajo SGSST 5. Toda la documentación que soporta el sistema 6. Reporte de autoevaluación anual de estandares mínimos.
A106: Ministerio de Transporte | B106: =VLOOKUP(Tabla1[[#This Row],[Parte Interesada]],'Caracterización P. interesadas'!A:F,6,FALSE) -> 1 | C106: Vicepresidencia Administrativa - Departamento de Talento Humano - Seguridad y Salud en el Trabajo | D106: Externa | E106: Contar con un plan estratégico de seguridad vial para la prevención de accidentes de tránsito | F106: Baja tasa de accidentalidad laboral en accidentes de transito | G106: 1. Elaboración y ejecución del plan estratégico de seguridad vial para la prevención de accidentes de tránsito | H106: 1. Plan estratégico de seguridad vial
A107: Ministerio del Interior | B107: =VLOOKUP(Tabla1[[#This Row],[Parte Interesada]],'Caracterización P. interesadas'!A:F,6,FALSE) -> 1 | C107: Vicepresidencia Financiera - Grupo de Contabilidad | D107: Externa | E107: Recaudo de la contribución especial del impuesto de guerra | F107: Recaudo y presentación de la contribución | G107: Correcta aplicación, liquidación y pago de la contribución especial del impuesto de guerra | H107: Hojas de trabajo de la liquidación mensual de la contribución impuesto de guerra la cual se tramita a Tesorería para pago.
A108: OPAIN S.A | B108: =VLOOKUP(Tabla1[[#This Row],[Parte Interesada]],'Caracterización P. interesadas'!A:F,6,FALSE) -> 2.8 | C108: Vicepresidencia Administrativa - Departamento administrativo - Gestión Ambiental | D108: Externa | E108: 1. Recibir información oportuna sobre el servicio de alcantarillado prestado a la Corporación con el fin de establecer un balance hídrico 2. Recibir asesoría y soporte en control de fauna | F108: Verificación mediante facturas de servicio de cobro y cantidad de vertimientos tratados por OPAIN | G108: 1. Generación del balance hídrico 2. Atención a capacitaciones sobre el control de fauna | H108: 1. Facturas sobre los servicios 2. Registro fotografico del control de fauna
A109: Personas Naturales | B109: =VLOOKUP(Tabla1[[#This Row],[Parte Interesada]],'Caracterización P. interesadas'!A:F,6,FALSE) -> 2.5 | C109: Oficina Jurídica | D109: Externa | E109: Respuesta de los derechos de petición o solicitudes de información a tiempo. | F109: Respuesta de manera puntual de las inquietudes, es decir, que se responda de fondo | G109: De conformidad con el procedimiento de PQRS, la oficina jurídica verifica los fundamentos legales para las respuestas y establece vistos buenos para las mismas | H109: Respuestas dadas a las peticiones presentadas, las cuales deben observar los lineamientos en materia de PQRS dados al interior de la Corporación
A110: Policía Nacional - Dirección de Antinarcóticos | B110: =VLOOKUP(Tabla1[[#This Row],[Parte Interesada]],'Caracterización P. interesadas'!A:F,6,FALSE) -> 3.8 | C110: Vicepresidencia Administrativa - Gerencia Logística - Grupo de Comercio Exterior | D110: Externa | E110: *Mecanismos de control óptimos para la prevención del tráfico de estupefacientes y actividades conexas en el marco de las operaciones de exportación generadas. | G110: *Registro y actualización electrónica de los actores de la cadena de suministro para la exportación a través de la VUCE. * Generar y aplicar controles de acceso a la carga para la prevención del tráfico de estupefaciente. | H110: * Cartas de responsabilidad. * Registo en plataforma VUCE (Ventanilla Única de Comercio Exterior) * Registro fotografico de la carga * Registros en el sistema SIIS para exportaciones
A111: Procuraduría General de la Nación | B111: =VLOOKUP(Tabla1[[#This Row],[Parte Interesada]],'Caracterización P. interesadas'!A:F,6,FALSE) -> 4 | C111: Oficina de Planeación | D111: Externa | E111: Cumplimiento de conformidad con el Sistema de Información para el Registro, Seguimiento, Monitoreo y Generación del Índice de Cumplimiento (ITA- Índice de Transparencia y Acceso a la Información) de los Sujetos Obligados en la Ley 1712 de 2014 de la Procuraduría General de la Nación | G111: Monitoreo y seguimiento a la actualización de la página web Revisión de la completitud y oportunidad del cargue de los documentos de la página | H111: Instructivo Administración de la página web CIAC
A112: Proveedor (Personal Natural - Centrol de Entrenamiento) | B112: =VLOOKUP(Tabla1[[#This Row],[Parte Interesada]],'Caracterización P. interesadas'!A:F,6,FALSE) -> 3 | C112: Vicepresidencia Operativa - Grupo CECSA | D112: Externa | E112: Recibir invitación para participar en procesos de contratación para las necesidades de capacitación/entrenamiento del CECSA. Definir los requisitos técnicos especificos y la programación del entrenamiento requerido. | F112: Cumplimento de las obligaciones contractuales y la programación académica establecida por el CECSA. | G112: 1. Generar invitación directa o mediante estudio de mercado 2. Cumplimiento de los requisitos según auditoría que garanticen la idoneidad del instructor y/o Centro de Entrenamiento para orientar la capacitación. 3. Programacion de entrenamientos y capacitaciones en los medios tecnologicos disponibles. | H112: 1. Evidencias del proceso contractual ( Ficha técnica, ECO, SOLPE,Orden de trabajo). 2. Correos electrónicos enviados a los instructores
A113: Proveedor de funcionamiento | B113: =VLOOKUP(Tabla1[[#This Row],[Parte Interesada]],'Caracterización P. interesadas'!A:F,6,FALSE) -> 3.8 | C113: Vicepresidencia Administrativa - Departamento administrativo | D113: Externa | E113: Términos y condiciones técnicas específicas de las necesidades de la Corporación para el proceso de contratación. | F113: • Suministrar los requerimientos técnicos para atender las necesidades de funcionamiento de la Corporación. | G113: • Seguimiento a las etapas precontractual, contractual y poscontractual en cuanto a ejecución | H113: • Informes de ejecución y avance.
A114: Proveedor pruebas psicotécnicas | B114: =VLOOKUP(Tabla1[[#This Row],[Parte Interesada]],'Caracterización P. interesadas'!A:F,6,FALSE) -> 2 | C114: Vicepresidencia Administrativa - Departamento de Talento Humano | D114: Externa | E114: Definición de los requisitos aplicables a las pruebas psicotécnicas | F114: Realizar el pago oportuno de manera anual. | G114: Seguimiento en el cumplimiento de los requisitos aplicables a las pruebas psicotécnicas | H114: Reportes de pruebas psicotécnicas aplicados
A115: Proveedor servicio de vigilancia privada | B115: =VLOOKUP(Tabla1[[#This Row],[Parte Interesada]],'Caracterización P. interesadas'!A:F,6,FALSE) -> 3 | C115: Vicepresidencia Administrativa - Departamento administrativo - Seguridad Aeroportuaria | D115: Externa | E115: Retroalimentación, socialización de normas, procedimientos, novedades y lecciones aprendidas que afecten el desempeño de las funciones de la empresa de seguridad | F115: Especificaciones claras y precisas plasmadas en el contrato de seguridad y vigilancia | G115: Reuniones mensuales de seguimiento con el personal de seguridad donde se aborda la retroalimentación, socialización de normas, procedimientos, novedades y lecciones aprendidas. | H115: Acta de reunión mensual de seguridad y seguimiento
A116: Proveedores / Aliados | B116: =VLOOKUP(Tabla1[[#This Row],[Parte Interesada]],'Caracterización P. interesadas'!A:F,6,FALSE) -> 4 | C116: Vicepresidencia Administrativa - Gerencia Logística - Grupo Contractual | D116: Externa | E116: * Definición clara de requisitos para contratación. *Oportuna ejecución de los compromisos contractuales. * Cumplimiento de las responsabilidades asumidas en los contratos y ejecución de las actividades. | F116: * Transparencia en la contratación. * Canales de comunicación adecuados. *Igualdad de oportunidad y agilidad en los trámites. *No permitir estados de corrupción, lavados de activos, sobornos. | G116: *Adquisición de recursos, ejecución de contratos, cierres administrativos. *Acompañamiento al cumplimiento de subcontratación. *Implementación de un procedimiento de selección y actualización de Proveedores. *Implementación de un procedimiento de evaluación de Proveedores. | H116: *Implementación de la plataforma TUS DATOS con el fin de validar la informacion Financiera y de seguridad, de cada uno de los proveedores antes de su contratación. * Procedimiento evaluación proveedores * Formato registro proveedores * Procedimiento evaluación de proveedores * Manual de Contratacion CIAC * Procedimiento ejecucion Contractual * Registros documentales cadena logística
A117: Proveedores / Aliados | B117: =VLOOKUP(Tabla1[[#This Row],[Parte Interesada]],'Caracterización P. interesadas'!A:F,6,FALSE) -> 4 | C117: Vicepresidencia Administrativa - Departamento administrativo - Gestión Ambiental | D117: Externa | E117: 1. Incorporación de criterios ambientales en la adquisición de productos y/o servicios. 2.Identificar y cumplir la normatividad ambiental aplicable a su organización | F117: 1.Inclusión de criterios ambientales en la producción de sus bienes o la prestación de sus servicios mediante el mejoramiento de sus prácticas ambientales. 2.Fortalecer su cadena de valor en terminos ambientales. | G117: 1.Verificación de los citerios ambientales a las oferta de los productos y/o servicios ofrecidos a la organización. 2.Desarrollo de auditorías a proveedores críticos del Sistema de Gestión Ambiental. | H117: 1. Soportes de cumplimiento de criterios ambientales 2. Informes de auditoría a proveedores críticos del sistema de gestión ambiental
A118: Proveedores / Aliados | B118: =VLOOKUP(Tabla1[[#This Row],[Parte Interesada]],'Caracterización P. interesadas'!A:F,6,FALSE) -> 4 | C118: Vicepresidencia Administrativa - Departamento de las TICS | D118: Externa | E118: 1. Necesidades de infraestructura TI 2. Servicios previstos para el funcionamiento. | F118: 1. Funcionamiento óptimo acorde a las necesidades 2. Seguimiento a informes de ejecución | G118: 1. Seguimiento acorde a lo contratado 2. Servicio ofrecido a satisfacción de acuerdo a requerimiento. | H118: 1. Contratos en Administrativa o Gestión contractual. 2. Acta de recibo a satisfacción 3. Informes de supervisión.
A119: Proveedores / Aliados | B119: =VLOOKUP(Tabla1[[#This Row],[Parte Interesada]],'Caracterización P. interesadas'!A:F,6,FALSE) -> 4 | C119: Vicepresidencia Administrativa - Departamento de Talento Humano - Seguridad y Salud en el Trabajo | D119: Externa | E119: Definición de los requisitos exigidos para el cumplimiento de la normativa aplicable al SG-SST | F119: Cumplimiento de las normas que apliquen a los productos o servicios que provean | G119: Seguimiento en el cumplimiento de la matriz de criterios en seguridad y salud en el trabajo para proveedores, adqusición de bienes o servicios CIAC S.A. | H119: 1. Aprobación de Seguridad y Salud en el trabajo en los estudios de mercado que impacten en el SG-SST
A120: Proveedores / Aliados | B120: =VLOOKUP(Tabla1[[#This Row],[Parte Interesada]],'Caracterización P. interesadas'!A:F,6,FALSE) -> 4 | C120: Vicepresidencia Administrativa - Gerencia Logística | D120: Externa | E120: *Oportunidad en la facturación. | F120: * Transparencia en la contratación. * Canales de comunicación adecuados. *Igualdad de oportunidad y agilidad en los trámites. | G120: *Adquisición de recursos, ejecución de contratos, cierres administrativos. *Ejecución del instructivo de ejecución de pagos *Ejecución del instructivo para el registro y control de pagos anticipados a proveedores | H120: *Manual de Contratacion CIAC- * Procedimiento ejecucion Contractual
A121: Proveedores / Aliados | B121: =VLOOKUP(Tabla1[[#This Row],[Parte Interesada]],'Caracterización P. interesadas'!A:F,6,FALSE) -> 4 | C121: Vicepresidencia Financiera - Grupo de Tesorería | D121: Externa | E121: 1. Cumplimiento de la Condición de Pago. 2. Liquidez y flujo de caja para el cumplimiento de sus obligaciones | F121: 1. Recepción oportuna de los pagos de acuerdo a las proyecciones de sus flujos de caja | G121: 1. Informar mensualmente el Estado de Flujo de caja . 2. Verificacion en SAP en la transaccion FBL1N del vencimiento Neto tanto Proveedor Nacional y Exterior. | H121: 1. Cumplimiento de la circular de pagos 3. Comprobantes de pago. 2.Envio de Correo electronico al Vicepresidente Finaciero del Flujo de Caja.
A122: Proveedores / Aliados | B122: =VLOOKUP(Tabla1[[#This Row],[Parte Interesada]],'Caracterización P. interesadas'!A:F,6,FALSE) -> 4 | C122: Vicepresidencia Operativa - Departamento de Aseguramiento de la Calidad y Seguridad Operacional | D122: Externa | E122: 1. Verificación de cumplimiento de los requisitos no aeronáuticos y requisitos regulatorios exigidos a éstos cuando se trate de un proveedor no aeronáutico. 2. Definición de cumplimiento de los requisitos regulatorios exigidos a éstos por parte de las Autoridades y/o de los fabricantes para proveedores aeronáuticos. 3. Definición de los requisitos y revisión de los trabajos tercerizados según el procedimiento de transferencia de trabajo 4. Conocer la existencia y alcance del sistema de Seguridad Operacional para las actividades contratadas que se van a realizar al interior de la CIAC y que afecten la seguridad operacional. | F122: 1. Cumplimiento de las normas que apliquen a los productos o servicios que provean 2. Asistir a la charla de Seguridad Operacional previo al inicio de los trabajos | G122: 1. Auditoría y seguimiento al cumplimiento de los hallazgos 2. Revisión y visto bueno en el formato de transferencia de trabajo 3. Reunión con Seguridad Operacional y personal contratista previo al inicio de los trabajos. 4. Revisión formato especificación técnica adquisición | H122: - Forma F-2-070 Programa de Auditoria - Forma F-2-018 Lista de Chequeo - Forma F-2-019 Informe de Auditoria - Forma F-2-021 Registro de no conformidades - Forma F-2-02-020 Transferencia de trabajo - Forma F-3-003 PTS - Asistencia a charlas de Seguridad
A123: Proveedores / Aliados | B123: =VLOOKUP(Tabla1[[#This Row],[Parte Interesada]],'Caracterización P. interesadas'!A:F,6,FALSE) -> 4 | C123: Vicepresidencia Operativa - Gerencia de Diseño y Desarrollo | D123: Externa | E123: Definición de los requisitos técnicos exigidos para la satisfacción de las necesidades del proceso de diseño y desarrollo. | F123: 1.Fortalecer su cadena de valor. 2. Desarrollo de acuerdos para el suministro de bienes y servicios dentro del proceso de diseño y desarrollo | G123: Reuniones de familiarización, socialización, control y seguimiento con los proveedores, aliados y/o partners durante el ciclo de vida del proyecto o contrato. Cumplir con el procedimiento de transferencia de trabajo cuando sea requerido. | H123: - Correos y/o actas de reunión a lo largo del ciclo de vida del proyecto o contrato. - Registros Forma F-3-003 PTS - Registros Forma F-2-02-020 TDT
A124: Proveedores / Aliados | B124: =VLOOKUP(Tabla1[[#This Row],[Parte Interesada]],'Caracterización P. interesadas'!A:F,6,FALSE) -> 4 | C124: Vicepresidencia Operativa - Gerencia de Producción | D124: Externa | E124: Definición de los requisitos técnicos exigidos para la satisfacción de las necesidades del proceso de producción. | F124: 1.Fortalecer su cadena de valor. 2. Desarrollo de acuerdos para el suministro de bienes y servicios dentro del proceso de producción | G124: Reuniones de familiarización, socialización, control y seguimiento con los proveedores, aliados y/o partners durante el ciclo de vida del proyecto o contrato. Cumplir con el procedimiento de transferencia de trabajo cuando sea requerido. | H124: - Correos y/o actas de reunión a lo largo del ciclo de vida del proyecto o contrato. - Registros Forma F-3-003 PTS - Registros Forma F-2-02-020 TDT
A125: Revisoría Fiscal | B125: =VLOOKUP(Tabla1[[#This Row],[Parte Interesada]],'Caracterización P. interesadas'!A:F,6,FALSE) -> 3.8 | C125: Oficina de Planeación | D125: Externa | E125: Conforme lo dispuesto en el acuerdo 02 de enero de 2021 firmado por la Junta Directiva de la CIAC, se requiere presentar informes periódicos del resultado de gestión | G125: Informe de gestión Oficial de Cumplimiento | H125: Informe de gestión trimestral Oficial de Cumplimiento SARLAFT
A126: Revisoría Fiscal | B126: =VLOOKUP(Tabla1[[#This Row],[Parte Interesada]],'Caracterización P. interesadas'!A:F,6,FALSE) -> 3.8 | C126: Vicepresidencia Administrativa - Departamento de las TICS | D126: Externa | E126: 1. Políticas, Procesos y/o procedimientos. 2. Requerimientos solicitados por la Revisoria fiscal | F126: Cumplimiento de requerimientos de GTICS para la CIAC. | G126: 1. Mantener actualizada la documentos de calidad en política, procedimientos y procesos. 2. Satisfacer las necesidades acorde a la revisoría. | H126: Sitio de SharePoint acorde al requerimiento de la revisoria.
A127: Revisoría Fiscal | B127: =VLOOKUP(Tabla1[[#This Row],[Parte Interesada]],'Caracterización P. interesadas'!A:F,6,FALSE) -> 3.8 | C127: Vicepresidencia Financiera - Grupo de Contabilidad | D127: Externa | E127: Validar el cumplimiento de los requisitos normativos exigidos por la naturaleza de la Corporación referente a la emisión de los Estados Financieros y velar por el buen funcionamiento del sistema de control interno de la compañía. | F127: Información elaborada y presentada bajo la normatividad vigente aplicable | G127: Realización de auditorías Emisión de dictamen a los Estados Financieros Emisión de certificaciones e informes Revisión y validación de la carga tributaría. | H127: Informes de auditoría Estados financieros dictaminados y firmados.
A128: Secretaria de Salud de Fontibón | B128: =VLOOKUP(Tabla1[[#This Row],[Parte Interesada]],'Caracterización P. interesadas'!A:F,6,FALSE) -> 3.3 | C128: Vicepresidencia Administrativa - Departamento administrativo | D128: Externa | E128: Cumplir con la normatividad aplicable a la Corporación, en referencia a la Infraestructura. | F128: Cumplir con los requerimientos necesarios para el funcionamiento de la Corporación. | G128: • Ejecución de los programas de mantenimiento y contratación de necesidades. | H128: • Contrato e informes de cumplimiento.
A129: Secretaría de Transparencia | B129: =VLOOKUP(Tabla1[[#This Row],[Parte Interesada]],'Caracterización P. interesadas'!A:F,6,FALSE) -> 2.5 | C129: Oficina de Control Interno | D129: Externa | E129: Reporte de hechos de corrupción | F129: La Secretaría de Transparencia analiza su contenido, adelanta las actuaciones respectivas frente a los entes de control y los toma como insumos para elaborar informes trimestrales al Consejo Asesor del Gobierno Nacional en materia de control interno con el propósito de fortalecer el sistema.​ | G129: 1. El reporte se debe presentar en el momento en que se evidencie el posible delito contra la administración pública o acto de corrupción. 2. El reporte se enviará al correo contacto@presidencia.gov.co anexando las pruebas que sean soporte de los hechos descritos. 3. El reporte de que trata la presente directiva no exime a los Jefes de la Unidad de la Oficina de Control Interno, o quien haga sus veces, de la obligación establecida en los artículo 67 de la ley 906 de 2004 y 9 de la ley 1474 de 2011. | H129: Solo en caso de evidenciarse un hecho de corrupción y de acuerdo con lo establecido en el (DECRETO 338 DE 2019) se tendra como evidencia el formato https://www.secretariatransparencia.gov.co/revision-peticiones-corrupcion/SiteAssets/red-anticorrupcion-jefes-control-interno/Formato%20de%20Reporte.docx y el envío al correo contacto@presidencia.gov.co anexando las pruebas que sean soporte de los hechos descritos. Estos soportes son de caracter confidencial.
A130: Secretaría Distrital de Ambiente | B130: =VLOOKUP(Tabla1[[#This Row],[Parte Interesada]],'Caracterización P. interesadas'!A:F,6,FALSE) -> 3.3 | C130: Vicepresidencia Administrativa - Departamento administrativo - Gestión Ambiental | D130: Externa | E130: Cumplimiento de la normatividad ambiental | F130: Recibir información oportuna, veraz y confiable en lo referente al cumplimiento de la legislación ambiental; articulación en programas de acompañamiento para las industrias que permitan el mejoramiento del desempeño ambiental en el Distrito | G130: 1.Inscripción a los programa PREAD y PRO-REDES, ofrecidos por la Secretaría Distrital de ambiente. 2.Atención de auditorías de control de cumplimiento de normatividad ambiental aplicable a la corporación. 3. Atención de requerimientos por parte de la entidad cuando estos se presenten | H130: Comunicados radicados ante la entidad; radicados ventanilla Web Secretaría Distrital de Ambiente
A131: Secretaría Distrital de Hacienda | B131: =VLOOKUP(Tabla1[[#This Row],[Parte Interesada]],'Caracterización P. interesadas'!A:F,6,FALSE) -> 4 | C131: Vicepresidencia Financiera - Grupo de Contabilidad | D131: Externa | E131: Velar por el estricto cumplimiento de las obligaciones tributarias a cargo de los contribuyentes | F131: Recibir oportunamente las declaraciones tributarias, así como recaudar de manera satisfactoria los impuestos distritales | G131: Establecer un cronograma de impuestos distritales, en el cual se determinen las fechas de cierre contables Realizar la liquidación de los impuestos de manera oportuna Envío de los impuestos para verificación y firma de la revisoría fiscal y presentación y pago de los mismos, garantizando el oportuno tramite en cumplimiento al calendario tributario establecido por la Secretaria Distrital de Hacienda para cada vigencia. Entregar oportunamente la información exógena distrital. | H131: Hojas de trabajo de liquidación de los impuestos Formularios de presentación y recibos de pago Formularios de envío de información exógena distrital
A132: Secretaría Distrital de Salud | B132: =VLOOKUP(Tabla1[[#This Row],[Parte Interesada]],'Caracterización P. interesadas'!A:F,6,FALSE) -> 3.4 | C132: Vicepresidencia Administrativa - Departamento administrativo - Gestión Ambiental | D132: Externa | E132: Cumplimiento de la normatividad referente al saneamiento básico | F132: Recibir información oportuna, veraz y confiable en lo referente al cumplimiento de la normatividad aplicable a saneamiento básico de la Corporación. | G132: 1.Atención de auditorías de control de cumplimiento de normatividad referente a saneamiento básico por parte de la Corporación. | H132: 1. Concepto técnico sanitario
A133: Secretaría Distrital de Salud de Bogotá | B133: =VLOOKUP(Tabla1[[#This Row],[Parte Interesada]],'Caracterización P. interesadas'!A:F,6,FALSE) -> 3.3 | C133: Vicepresidencia Administrativa - Departamento de Talento Humano - Seguridad y Salud en el Trabajo | D133: Externa | E133: Cumplimiento de la resolución 2400 de 1979 en cuanto a las disposiciones de higiene y seguridad en los establecimientos de trabajo, ley 9 de 1979 "Por la cual se dictan Medidas Sanitarias.” y normativa vigente aplicable. | F133: Garantizar condiciones de seguridad e higiene adecuadas dentros de las instalaciones de la CIAC y la promoción del autocuidado en las personas | G133: 1. Seguimiento al Sistema de Gestión de Seguridad y Salud en el Trabajo. 2. Elaboración de plan de trabajo SGSST 3. Ejecución de inspecciones locativas y solución de las novedades encontradas | H133: 1. Plan de Trabajo SGSST 2. Toda la documentación que soporta el sistema 3. Registros formato de inspección
A134: Servicio Nacional de Aprendizaje - SENA | B134: =VLOOKUP(Tabla1[[#This Row],[Parte Interesada]],'Caracterización P. interesadas'!A:F,6,FALSE) -> 3 | C134: Vicepresidencia Administrativa - Departamento de Talento Humano | D134: Externa | E134: Calcular la cuota de aprendices de acuerdo a lo establecido en el decreto 620 del 7 de marzo de 2005 y el artículo 32 de la Ley 789 de 2002 | F134: Recibir información clara y oportuna para la determinación de la cuota de aprendices | G134: Consolidación y cargue de la información de planta para determinar cuota de aprendizaje (Diligenciamiento matrices 1 y 2) en el aplicativo dispuesto por el SENA. | H134: Matrices No 1 y 2 diligencidas Resolución SENA determinando la cuota de aprendices.
A135: Unidad Administrativa Especial de Aeronáutica Civil | B135: =VLOOKUP(Tabla1[[#This Row],[Parte Interesada]],'Caracterización P. interesadas'!A:F,6,FALSE) -> 3.5 | C135: Vicepresidencia Administrativa - Departamento administrativo - Gestión Ambiental | D135: Externa | E135: Cumplimiento de los procedimientos establecidos en la licencia ambiental del aeropuerto El Dorado | F135: Cumplimiento de los criterios ambientales establecidos en la licencia ambiental del Aeropuerto El Dorado por parte de la Corporación. | G135: •Atención de auditorías de control de cumplimiento de normatividad ambiental por parte de la Corporación con el fin de verificar que se cumpla con lo establecido en la licencia ambiental del aeropuerto El Dorado. | H135: Comunicados radicados ante la entidad; correos electrónicos
A136: Unidad Administrativa Especial de Aeronáutica Civil | B136: =VLOOKUP(Tabla1[[#This Row],[Parte Interesada]],'Caracterización P. interesadas'!A:F,6,FALSE) -> 3.5 | C136: Vicepresidencia Administrativa - Departamento de Talento Humano - Seguridad y Salud en el Trabajo | D136: Externa | E136: Cumplimiento RAC 120 | F136: Prevención del consumo de alcohol y sustancias psicoactivas del personal de la corporación | G136: 1. Elaboración y ejecución del programa de prevención del consumo de alcohol y sustancias psicoactivas | H136: 1. Programa de prevención del consumo de alcohol y sustancias psicoactivas
A137: Unidad Administrativa Especial de Aeronáutica Civil | B137: =VLOOKUP(Tabla1[[#This Row],[Parte Interesada]],'Caracterización P. interesadas'!A:F,6,FALSE) -> 3.5 | C137: Vicepresidencia Financiera - Grupo de Contabilidad | D137: Externa | E137: Cumplimiento en el envío de informes exigidos de acuerdo a la reglamentación (R.A.C.). | F137: Elaborar y presentar los informes requeridos dentro del plazo establecido por el R.A.C. (30 de abril de cada año) | G137: Generación de los Estados Financieros. | H137: Envío de estados financieros de la vigencia con Dictamen, en abril de cada año.
A138: Unidad de Información y Análisis Financiero UIAF | B138: =VLOOKUP(Tabla1[[#This Row],[Parte Interesada]],'Caracterización P. interesadas'!A:F,6,FALSE) -> 3 | C138: Oficina de Planeación | D138: Externa | E138: Informar oportunamente las operaciones sospechosas | G138: Generación de informes para reportar las operaciones sospechosas y Reportes de efectivo | H138: 1. Reporte de operaciones sospechosas - ROS 2. Ausencia de reporte de operaciones sospechosas - AROS 3. Reporte de efectivo
A139: Universidades Centros de Formación Centros de Investigación | B139: =VLOOKUP(Tabla1[[#This Row],[Parte Interesada]],'Caracterización P. interesadas'!A:F,6,FALSE) -> 2.5 | C139: Oficina de Planeación - Grupo Gestión Proyectos e Innovación | D139: Externa | E139: Impulso empresarial y académico Formación para el trabajo Prácticas profesionales | F139: Participación en las actividades para el desarrollo de capacidades, el desarrollo empresarial y desarrollo de proyectos. | G139: 1. Participación en las actividades. 2. Participación en proyectos, de acuerdo a necesidades y requerimientos de CIAC. 3. Uso de recursos de laboratorio por contrato. | H139: 1. Documentos de proyectos. 2. Firma de convenios o acuerdos.
A140: Zona Franca de Bogotá - ZFB | B140: =VLOOKUP(Tabla1[[#This Row],[Parte Interesada]],'Caracterización P. interesadas'!A:F,6,FALSE) -> 4 | C140: Vicepresidencia Administrativa - Gerencia Logística - Grupo de Comercio Exterior | D140: Externa | E140: *Cumplimiento del régimen franco conforme a la normatividad aduanera vigente dando cumplimiento de las actividades autorizadas mediante acto de calificación como Usuario Industrial de Bienes y de Servicios. | G140: *Control de operaciones del régimen franco de la Corporación cumpliendo la normatividad aduanera vigente que aplique. | H140: Manual Operaciones de Salida de CIAC S. Comercio Exterior Manual Operaciones de Ingreso de CIAC S. Comercio Exterior
A141: Asamblea de Accionistas | B141: =VLOOKUP(Tabla1[[#This Row],[Parte Interesada]],'Caracterización P. interesadas'!A:F,6,FALSE) -> 5 | C141: Oficina de Planeación | D141: Interna | E141: Recibir información suficiente, clara y oportuna para la toma de decisiones sobre la Corporación | F141: Conocer el estado de la empresa y dar lineamientos sobre su administración | G141: 1. Elaboración de la presentación para las sesiones de Asamblea de Accionistas 2. Formulación de la planeación estratégica de la Corporación 3. Análisis de las necesidades, situación y proyección de la Corporación para la elaboración del Proyecto de Presupuesto y la Propuesta de Distribución de utilidades para cada vigencia 4. Preparación del Informe de Gestión Anual que refleje los resultados de la gestión en cada vigencia | H141: 1. Presentaciones de Asamblea de Accionistas 2. Plan Estratégico Institucional, Plan Estratégico Cuatrienal y Plan de Acción Anual 3. Proyecto de Presupuesto y Propuesta de Distribución de utilidades de cada vigencia 4. Informe de Gestión Anual
A142: Comité de auditoría | B142: =VLOOKUP(Tabla1[[#This Row],[Parte Interesada]],'Caracterización P. interesadas'!A:F,6,FALSE) -> 3.5 | C142: Oficina de Control Interno | D142: Interna | E142: Preparación y ejecución del Comité de auditoría CIAC | F142: • Conocimiento del funcionamiento de CIAC S.A frente a la gestion interna de los procesos y efectividad de los controles establecidos. • Conocer los estados fiancieros emitidos por la CIAC dando cumplimiento a la normatividad vigente sobre la buena ejecución de los recursos. • A través de los miembros del Comité de Auditoría, la Junta Directiva de CIAC se informa acerca del resultado de las auditorías de la Corporación, de los estados financieros, de los reportes de la Revisoria Fiscal y en general de temas asociados con la verificación de controles en la CIAC | G142: • Hacer seguimiento a compromisos anteriores del Comité de Auditoría CIAC. • Consolidar la información a presentar en Comité de Auditoría CIAC. • Documentar la presentación a exponer en Comité de auditoría CIAC. • Citar a los miembros del Comité de Auditoría CIAC a reuniones, según agenda. • Ejecutar la reunión del Comité de Auditoría de acuerdo con la agenda concertada. • Documentar las actas de reuniones del Comité de Auditoría CIAC. • Recoger firmas de las actas de reuniones del Comité de Auditoría CIAC. • Mantener debidamente custodiadas las actas del Comité de Auditoría CIAC . | H142: * Diapositivas presentadas. * Acta firmada por miembros del comité de auditoría * Video de evidencia de la reunión, cuando esta sea virtual. * Correos de citación y aceptación de actas.
A143: Comité de coordinación del Sistema de Control Interno | B143: =VLOOKUP(Tabla1[[#This Row],[Parte Interesada]],'Caracterización P. interesadas'!A:F,6,FALSE) -> 4.5 | C143: Oficina de Control Interno | D143: Interna | E143: Programa Anual de Auditoria | F143: • Contar con una programación anual de las auditorias aplicadas y recibidas por la CIAC • Cumplir con la normatividad estatal y de entes certificadores que exigen la programación anual de las auditorias a aplicar tanto internas, como de segunda parte. | G143: • Conocimiento de la Entidad • Identificación de los aspectos evaluables • Conformación y priorización del universo de auditoría basado en riesgos • Determinación del ciclo de rotación de las auditorias • Formulación del Programa Anual de Auditorías basado en riesgos | H143: • Descripción criterios de priorización universo de auditoría • Niveles de criticidad universo de auditoría • Matriz universo de auditoría y priorización • Acta o correo electrónico de aprobación por parte del Comité indtitucional de coordinación de control interno del programa anual de auditorías. • Plan Anual de Auditoría
A144: Comité de coordinación del Sistema de Control Interno | B144: =VLOOKUP(Tabla1[[#This Row],[Parte Interesada]],'Caracterización P. interesadas'!A:F,6,FALSE) -> 4.5 | C144: Oficina de Control Interno | D144: Interna | E144: Seguimientos a planes de mejoramiento suscritos por las Dependencias en respuesta a Informes de Auditoría | F144: Conocer el estado de cumplimiento de planes de mejoramiento para superación de debilidades detectadas en auditorías, y tomar las medidas respectivas | G144: • La Oficina de Control Interno consulta software de gestión de calidad, para determinar la existencia y el estado de cumplimiento de los planes de mejoramiento suscritos. • La Oficina de Control Interno prepara la presentación de la existencia y estado de cumplimiento los planes de mejoramiento • La Subpresidencia asigna agenda para la renión de seguimiento administrativa a hallazgos evidenciados por la Oficina de Control Interno • Bajo el liderazgo de la Subpresidencia, se efectua la reunión de administrativa a hallazgos evidenciados por la Oficina de Control Interno. | H144: • Envío de informes al Comité de Coordinación de Control Interno para seguimiento • Planes de mejoramiento en software de gestión de calidad • Correos electrónicos con información para seguimientos • Presentaciones de seguimientos administrativos • Agendas de reuniones • Listas de Asistencia. Si aplica • Actas de reuniones de seguimiento
A145: Comité de proyectos | B145: =VLOOKUP(Tabla1[[#This Row],[Parte Interesada]],'Caracterización P. interesadas'!A:F,6,FALSE) -> 3.3 | C145: Oficina de Planeación - Grupo Gestión Proyectos e Innovación | D145: Interna | E145: Desarrollo de proyectos que le apunten al cumplimiento de la misión y visión de la CIAC | F145: Apoyar la materialización de los proyectos, el alcance de las tareas, metas y objetivos estatégicos definidos por la Corporación | G145: Presentación de iniciativas y seguimiento al comité proyectos | H145: Acta comité proyectos
A146: Comités de apoyo a la gestión SST (COPASST, COCOLA y brigada de emergencias) | B146: =VLOOKUP(Tabla1[[#This Row],[Parte Interesada]],'Caracterización P. interesadas'!A:F,6,FALSE) -> 3.5 | C146: Vicepresidencia Administrativa - Departamento de Talento Humano - Seguridad y Salud en el Trabajo | D146: Interna | E146: 1. Formación para desempeñar el rol del SG-SST. 2. Acompañamiento en las funciones desempeñadas | F146: 1. Contribuir a la participación activa de todas las actividades planteadas en el SST | G146: 1. Capacitación a los comités de apoyo. 2. Realizar reuniones de seguimiento. 3. Realizar convocatorias de conformación. | H146: 1. Actas de reunión 2. Capacitación para COPASST, COCOLA y Brigada de Emergencias
A147: Gerentes de Proyecto | B147: =VLOOKUP(Tabla1[[#This Row],[Parte Interesada]],'Caracterización P. interesadas'!A:F,6,FALSE) -> 3.3 | C147: Oficina de Planeación - Grupo Gestión Proyectos e Innovación | D147: Interna | E147: Apoyo en la gestión y desarrollo de proyectos | F147: Lineamientos y directrices claros que les permitan gestionar eficaz y eficientemente el desarrollo de los procesos | G147: Actualización de la metodología de proyectos, creación de los formatos necesarios para la elaboración de los planes por proyecto, seguimiento de los mismos y cierre. | H147: Formatos de Plan de Dirección, informe de monitoreo de proyectos e informe de cierre proyectos
A148: Junta Directiva | B148: =VLOOKUP(Tabla1[[#This Row],[Parte Interesada]],'Caracterización P. interesadas'!A:F,6,FALSE) -> 5 | C148: Oficina de Planeación | D148: Interna | E148: Recibir información suficiente, clara y oportuna para la toma de decisiones sobre la Corporación | F148: Conocer el estado de la empresa y dar lineamientos sobre su administración | G148: 1. Elaboración de la presentación para las sesiones de Junta Directiva 2. Formulación de la planeación estratégica de la Corporación 3. Análisis de las necesidades, situación y proyección de la Corporación para la elaboración del proyecto de Presupuesto y la Propuesta de Distribución de utilidades para cada vigencia 4. Preparación del Informe de Gestión Anual que refleje los resultados de la gestión en cada vigencia 5. Presentar el seguimiento al cumplimiento del Plan estratégico Cuatrienal y a la ejecución de los Proyectos de inversión. 6. Informe de gestión Oficial de Cumplimiento | H148: 1. Presentaciones de Junta Directiva 2. Plan Estratégico Institucional, Plan Estratégico Cuatrienal y Plan de Acción Anual 3. Proyecto de Presupuesto y Propuesta de Distribución de utilidades de cada vigencia 4. Informe de Gestión Anual 5. Seguimiento al Plan Estratégico Cuatrienal y a la ejecución de los Proyectos de Inversión. 6. Informe de gestión trimestral Oficial de Cumplimiento SARLAFT
A149: Oficina de Control Interno | B149: =VLOOKUP(Tabla1[[#This Row],[Parte Interesada]],'Caracterización P. interesadas'!A:F,6,FALSE) -> N/A | C149: Oficina de Planeación - Grupo Gestión Proyectos e Innovación | D149: Interna | E149: Elaboración del programa de transparencia y ética pública y anexos de las estrategias del programa con base en la ley de transparencia y acceso a la información pública | G149: Definición de las actividades del programa de transparencia y ética pública (anual) | H149: Programa de transparencia y ética pública publicado en la página
A150: Oficina de Control Interno | B150: =VLOOKUP(Tabla1[[#This Row],[Parte Interesada]],'Caracterización P. interesadas'!A:F,6,FALSE) -> N/A | C150: Vicepresidencia Administrativa - Departamento de las TICS | D150: Interna | E150: Informe de cumplimiento de derechos de autor | G150: Presentar informe de licenciamiento como cumplimiento de derechos de autor | H150: Informe de licenciamiento solicitado
...

Sheet Caracterización P. interesadas
A1: Parte Interesada | B1: Tipo de Parte Interesada | C1: Influencia | D1: Poder | E1: Interés | F1: Criticidad
A2: Asamblea de Accionistas | B2: Interna | C2: 5 | D2: 5 | E2: 5 | F2: =ROUND((AVERAGE(AVERAGE(C2,D2),E2)),1) -> 5
A3: Despachos Judiciales | B3: Externa | C3: 5 | D3: 5 | E3: 5 | F3: =ROUND((AVERAGE(AVERAGE(C3,D3),E3)),1) -> 5
A4: Junta Directiva | B4: Interna | C4: 5 | D4: 5 | E4: 5 | F4: =ROUND((AVERAGE(AVERAGE(C4,D4),E4)),1) -> 5
A5: Presidencia | B5: Interna | C5: 5 | D5: 5 | E5: 5 | F5: =ROUND((AVERAGE(AVERAGE(C5,D5),E5)),1) -> 5
A6: Grupo Social y Empresarial de la Defensa | B6: Externa | C6: 5 | D6: 5 | E6: 4.5 | F6: =ROUND((AVERAGE(AVERAGE(C6,D6),E6)),1) -> 4.8
A7: Comité de Coordinación del Sistema de Control Interno | B7: Interna | C7: 5 | D7: 5 | E7: 4 | F7: =ROUND((AVERAGE(AVERAGE(C7,D7),E7)),1) -> 4.5
A8: Cliente Policía Nacional | B8: Externa | C8: 4 | D8: 3 | E8: 5 | F8: =ROUND((AVERAGE(AVERAGE(C8,D8),E8)),1) -> 4.3
A9: Contraloría General de la República | B9: Externa | C9: 4 | D9: 5 | E9: 4 | F9: =ROUND((AVERAGE(AVERAGE(C9,D9),E9)),1) -> 4.3
A10: Archivo General de la Nación | B10: Externa | C10: 4 | D10: 4.5 | E10: 4 | F10: =ROUND((AVERAGE(AVERAGE(C10,D10),E10)),1) -> 4.1
A11: Agencia Jurídica del Estado | B11: Externa | C11: 3 | D11: 5 | E11: 4 | F11: =ROUND((AVERAGE(AVERAGE(C11,D11),E11)),1) -> 4
A12: Aliados y/o Socios Estratégicos | B12: Externa | C12: 5 | D12: 3 | E12: 4 | F12: =ROUND((AVERAGE(AVERAGE(C12,D12),E12)),1) -> 4
A13: Cliente Airbus | B13: Externa | C13: 5 | D13: 3 | E13: 4 | F13: =ROUND((AVERAGE(AVERAGE(C13,D13),E13)),1) -> 4
... A91: Ministerio de Transporte | B91: Externa | C91: 1 | D91: 1 | E91: 1 | F91: =ROUND((AVERAGE(AVERAGE(C91,D91),E91)),1) -> 1
A92: Oficina de Control Interno | B92: Interna | F92: N/A
A93: Oficina de Planeación | B93: Interna | F93: N/A
A94: Oficina de Planeación - Grupo Gestión Proyectos e Innovación | B94: Interna | F94: N/A
A95: Oficina Jurídica | B95: Interna | F95: N/A
A96: Ministerio del Interior | B96: Externa | C96: 1 | D96: 1 | E96: 1 | F96: =ROUND((AVERAGE(AVERAGE(C96,D96),E96)),1) -> 1
A97: Todas las áreas | B97: Interna | F97: N/A
A98: Vicepresidencia Administrativa | B98: Interna | F98: N/A
A99: Vicepresidencia Administrativa - Grupo Administrativo | B99: Interna | F99: N/A
A100: Vicepresidencia Administrativa - Grupo Administrativo - Seguridad Física | B100: Interna | F100: N/A
A101: Vicepresidencia Administrativa - Grupo de las TICS | B101: Interna | F101: N/A
A102: Vicepresidencia Administrativa - Grupo de Talento Humano | B102: Interna | F102: N/A
A103: Vicepresidencia Administrativa - Grupo de Talento Humano - Seguridad y Salud en el Trabajo | B103: Interna | F103: N/A
A104: Vicepresidencia Administrativa - Gerencia Logística | B104: Interna | F104: N/A
A105: Vicepresidencia Administrativa - Gerencia Logística - Grupo Comercio Exterior | B105: Interna | F105: N/A
A106: Vicepresidencia Comercial | B106: Interna | F106: N/A
A107: Vicepresidencia Financiera | B107: Interna | F107: N/A
A108: Vicepresidencia Operativa | B108: Interna | F108: N/A
... A116: VUR (Ventanilla Única de Radicación) | B116: Interna | F116: N/A
